 Dungeon Crawl Stone Soup version 0.29.0-4-gdea44cf6ec (webtiles) character file.

Game seed: 11525278497595055651

323463 qw the Slayer (level 20, -28/198 (203) HPs)
             Began as a Minotaur Berserker on Sept 9, 2022.
             Was an Elder of Trog.
             Annihilated by Sojobo
             ... wielding a +1 great sword of electrocution
              (34 damage)
             ... while paralysed by an air elemental
             ... on level 2 of the Depths.
             The game lasted 00:18:14 (46496 turns).

qw the Slayer (Minotaur Berserker)                 Turns: 46496, Time: 00:18:15

HP:   -28/198 (203) AC: 41    Str: 29    XL:     20   Next: 69%
MP:   21/21         EV:  2    Int:  6    God:    Trog [****..]
Gold: 3713          SH:  0    Dex: 12    Spells: 19/19 levels left

rFire   . . .      SeeInvis +   r - +9 war axe (vamp)
rCold   . . .      Faith    .   C - +0 tower shield
rNeg    + + .      Spirit   .   d - +10 plate armour of Greed {rPois rN++ Regen+ SInv}
rPois   +          Reflect  +   u - +2 hat
rElec   +          Harm     .   y - +2 cloak {rPois}
rCorr   .          Rampage  .   A - +2 pair of gloves
Will    +++..                   a - +2 pair of boots
Stlth   ..........              m - amulet "Eladeah" {Reflect Fly Int+4 SH+5}
HPRegen 1.23/turn               o - ring "Amif" {rElec Will+ Slay+2}
MPRegen 0.17/turn               t - +4 ring of evasion

@: paralysed, lethally poisoned (-28 -> -31), about to teleport, corroded, on
berserk cooldown, flying, slowed, lightly drained
A: horns 2, retaliatory headbutt, iridescent scales 1, dopey 1, high MP 1,
strong-willed 1
}: 2/15 runes: barnacled, gossamer
a: Renounce Religion, Berserk, Trog's Hand, Brothers in Arms


You were on level 2 of the Depths.
You worshipped Trog.
Trog was greatly pleased with you.
You visited 7 branches of the dungeon, and saw 36 of its levels.
You also visited: Ossuary.

You collected 5286 gold pieces.
You spent 1573 gold pieces at shops.


Innate Abilities, Weirdness & Mutations

You have a pair of horns on your head.
You reflexively headbutt those who attack you in melee.
You are partially covered in iridescent scales. (AC +2)
You are dopey. (Int -2)
You have an increased reservoir of magic. (+10% MP)
You are strong-willed. (Will+)


   Skills:
 - Level 23.0 Fighting
 - Level 17.0 Axes
 - Level 13.0 Throwing
 + Level 21.6 Armour
 - Level 11.0 Dodging
 - Level 21.9 Shields


You had 19 spell levels left.
You didn't know any spells.
Your spell library was empty.

Inventory:

Hand Weapons
 r - a +9 vampiric war axe (weapon)
Missiles
 e - 3 javelins (quivered)
 k - 3 silver boomerangs
 s - 18 boomerangs
 z - 13 boomerangs of dispersal
Armour
 a - a +2 pair of boots (worn)
 d - the +10 plate armour of Greed (worn) {rPois rN++ Regen+ SInv}
   (You found it on level 1 of the Lair of Beasts)

   rPois:     It protects you from poison.
   rN:        It greatly protects you from negative energy.
   SInv:      It lets you see invisible.
   Regen:     It increases your rate of health regeneration.
 u - a +2 hat (worn)
 v - the +15 Maxwell's patent armour {-Cast -Tele rElec Will+ rCorr}
   (You bought it in a shop on level 14 of the Dungeon)

   rElec:     It insulates you from electricity.
   -Cast:     It prevents spellcasting.
   -Tele:     It prevents most forms of teleportation.
   rCorr:     It protects you from acid and corrosion.
   Will:      It increases your willpower.
 y - a +2 cloak of poison resistance (worn)
 A - a +2 pair of gloves (worn)
 C - a +0 tower shield (worn)
Jewellery
 m - the amulet "Eladeah" (around neck) {Reflect Fly Int+4 SH+5}
   (You acquired it on level 6 of the Dungeon)

   [amulet of reflection]

   It reflects blocked missile attacks.
   Int:       It affects your intelligence (+4).
   Fly:       It grants you flight.
   SH:        It affects your SH (+5).
 o - the ring "Amif" (left hand) {rElec Will+ Slay+2}
   (You acquired it on level 3 of the Shoals)

   [ring of willpower]

   Slay:      It affects your accuracy & damage with ranged weapons and melee
   (+2).
   rElec:     It insulates you from electricity.
   Will:      It increases your willpower.
 t - a +4 ring of evasion (right hand)
 D - the amulet "Ozex Kes" {Spirit Int+4 SInv Stlth-}
   (You found it on level 4 of the Shoals)

   [amulet of guardian spirit]

   It causes incoming damage to be divided between your reserves of health and
   magic.
   Int:       It affects your intelligence (+4).
   SInv:      It lets you see invisible.
   Stlth:     It makes you less stealthy.
 E - a +4 ring of protection
 Y - a ring of protection from fire
Scrolls
 b - a scroll of enchant weapon
 g - 8 scrolls of teleportation
 q - 16 scrolls of identify
 B - 3 scrolls of brand weapon
Potions
 f - 11 potions of haste
 h - 5 potions of mutation
 i - 5 potions of might
 j - 15 potions of curing
 l - 6 potions of heal wounds
 p - 2 potions of resistance
 F - a potion of cancellation

Dungeon Overview and Level Annotations

Branches:
Dungeon (15/15)            Temple (0/1) D:6            Lair (5/5) D:11
 Shoals (4/4) Lair:2       Spider (4/4) Lair:3        Slime (0/5) Lair:5
    Orc (2/2) D:9             Elf (0/3) Orc:2        Vaults (4/5) D:14
  Crypt (0/3) Vaults:3     Depths (2/4) D:15        Ossuary (visited)

Altars:
Ashenzari
Cheibriados
Gozag
Kikubaaqudgha
Makhleb
Qazlal
Ru
Sif Muna
Trog
Wu Jian
Yredelemnul
Zin

Shops:
D:4 *   D:13 (   D:14 *   Orc:1 ?   Orc:2 **[[(   Shoals:1 (   Vaults:4 [

Portals:
Hell: Depths:1
Abyss: Depths:1

Annotations:
D:14 2 transporters, Laowois's ghost, journeyman MiBe
Orc:2 3 runed translucent doors, qw's ghost, journeyman MiBe
Vaults:1 2 transporters, qw's ghost, adept MiBe
Depths:1 36 runed doors
Depths:2 Sojobo


Message History

The stunning burst hits you but does no damage.
The stunning burst misses the air elemental.
You block the air elemental's attack.
The air elemental hits you but does no damage.
Sojobo strikes a fencing pose.
Sojobo hits you with a +1 great sword of electrocution!!
Sojobo completely misses you. You block Sojobo's attack.
You block the tengu reaver's attack.
The tengu reaver pecks you but does no damage.
You block the tengu reaver's attack. The tengu reaver casts a spell at you.
The bolt of negative energy hits you! You partially resist.
You feel drained. The air elemental barely misses you. You furiously retaliate!
You headbutt the air elemental! The air elemental misses you.
You furiously retaliate!
You headbutt the air elemental.
46496 ||| READING 9 scrolls of teleportation.
As you read the scroll of teleportation, it crumbles to dust.
You feel strangely unstable.
You feel very sick. You block the air elemental's attack.
The air elemental fires a burst of electricity at you.
The stunning burst hits you but does no damage.
You suddenly lose the ability to move!
The stunning burst misses the air elemental.
The air elemental hits you but does no damage. x2
Sojobo hits you with a +1 great sword of electrocution!
Sojobo pecks you but does no damage. Sojobo claws you but does no damage.
The tengu reaver hits you with a +0 war axe!
The tengu reaver pecks you but does no damage.
The tengu reaver claws you but does no damage.
The air elemental hits you but does no damage.
The tengu reaver hits you but does no damage.
The tengu reaver pecks you but does no damage.
The tengu reaver claws you but does no damage.
The air elemental fires a burst of electricity at you.
The stunning burst hits you! You resist.
The stunning burst hits the air elemental.
The air elemental completely resists.
Sojobo hits you with a +1 great sword of electrocution!!
You die...

... ... ~~..###.#
.~~.....##
.~..(....###
...~.~~)~..###
~~~~.~~~.....###
~~~~.~....E....#####
.~~~.....QQE........
..~~~~...Q@.....##
..~~~~...E.#.....##
.....~)....#.#....#
...#....#.#####..##
#####.###.# #.## ##
### ###


You could see Sojobo (strong, repels missiles), 2 tengu reavers and 3 air
elementals.

Vanquished Creatures
  Boris (Vaults:4)
  Saint Roka (Vaults:4)
  Bai Suzhen (Spider:4)
  Xtahua (Vaults:4)
  Jorgrun (Shoals:2)
  A titan (Vaults:3)
  2 krakens (Shoals:4)
  46 slime creatures
  Donald (Spider:4)
  2 emperor scorpions
  A deep elf sorcerer (Vaults:3)
  3 ghost moths
  3 orc warlords
  9 vault wardens
  A frost giant (Depths:2)
  Louise (Spider:4)
  4 fire giants
  2 war gargoyles (Vaults:3)
  A broodmother (Spider:3)
  2 spriggan defenders (Depths:1)
  4 stone giants
  14 ironbound preservers
  3 very ugly things (Vaults:3)
  7 ironbound thunderhulks
  7 entropy weavers
  A deep elf demonologist (Vaults:4)
  A vampire knight (Depths:1)
  2 deep elf annihilators (Vaults:3)
  14 dire elephants
  A spark wasp (Spider:1)
  5 merfolk javelineers
  4 ettins
  Josephine (D:10)
  6 merfolk impalers
  2 fire dragons
  11 yaktaur captains
  Fannar (D:11)
  A peacekeeper (Vaults:3)
  A rakshasa (D:15)
  6 great orbs of eyes
  5 boulder beetles
  Erolcha (D:9)
  7 hydras
  2 ice dragons (Depths:1)
  3 radroaches
  12 vault guards
  4 jorogumos (Spider:4)
  Erica (D:8)
  5 merfolk avatars
  4 ironbound frosthearts
  2 catoblepae
  6 satyrs
  3 merfolk aquamancers
  2 ogre magi (Orc:2)
  An alligator snapping turtle (Shoals:2)
  8 death scarabs (Spider:4)
  A death knight (D:15)
  21 centaur warriors
  10 two-headed ogres
  A tengu warrior (Depths:1)
  A deep elf knight (D:14)
  2 spriggans (Depths:1)
  Sonja (Lair:2)
  An iron troll (Depths:1)
  3 sun moths
  4 pharaoh ants
  7 skeletal warriors
  13 sea snakes
  9 steelbarb worms
  A glowing orange brain (Depths:1)
  42 deep trolls
  5 orb spiders
  6 wizards
  An obsidian statue (D:14)
  10 lindwurms
  2 phantasmal warriors (Depths:1)
  19 ironbound convokers
  3 spectral jorogumos (Spider:4)
  A swamp dragon (Lair:5)
  17 harpies
  3 fauns (Shoals:4)
  8 orc knights
  A deep elf pyromancer (D:14)
  20 wolf spiders
  A wolf spider zombie (Spider:4)
  2 deep elf zephyrmancers (D:14)
  A manticore (shapeshifter) (D:15)
  2 orc sorcerers
  17 ugly things
  8 cyclopes
  8 elephants
  4 moths of wrath
  14 manticores
  11 merfolk sirens
  Maurice (Orc:2)
  3 black mambas
  19 vault sentinels
  5 water nymphs
  A gargoyle (D:11)
  5 spectral redbacks (Spider:4)
  4 centaur skeletons (D:14)
  2 demonic crawlers (Spider:1)
  2 torpor snails
  12 cane toads
  4 rime drakes
  A freezing wraith (D:14)
  2 kobold demonologists
  An unseen horror (D:11)
  4 komodo dragons
  34 yaktaurs
  3 efreet
  27 merfolk
  2 redback zombies (Spider:4)
  6 meliai (Spider:4)
  13 trolls
  2 hornets (Depths:1)
  A polar bear (Lair:5)
  Prince Ribbit (Lair:1)
  A queen bee (Spider:4)
  7 wind drakes
  A tarantella zombie (Spider:4)
  2 spectral culicivoras (Spider:4)
  A spectral tarantella (Spider:4)
  24 tarantellas
  18 blink frogs
  2 dream sheep (Shoals:4)
  A spectral jumping spider (Spider:4)
  9 snapping turtles
  A centaur simulacrum (D:14)
  6 wraiths
  17 culicivoras
  28 jumping spiders
  5 wyverns
  7 shadows
  8 water elementals
  24 yaks
  4 steam dragons
  32 redbacks
  A redback (shapeshifter) (Depths:1)
  4 vampire mosquitoes (D:13)
  4 wargs (Orc:1)
  An acid dragon (D:8)
  13 water moccasins
  A floating eye (Depths:2)
  3 swamp drakes (Lair:5)
  2 sky beasts (D:7)
  5 black bears
  9 orc warriors
  24 ogres
  11 wolves
  22 centaurs
  5 bullfrogs
  An elf zombie (Ossuary)
  9 kobold brigands
  2 gnoll sergeants
  7 scorpions
  A necrophage (D:6)
  2 wights
  28 killer bees
  An electric eel (Spider:1)
  3 howler monkeys (D:9)
  A lava snake (Lair:2)
  3 jellies
  16 orc priests
  4 hounds
  4 hell rats
  Terence (D:3)
  A gnoll bouda (D:10)
  Natasha (twice) (D:2)
  8 iguanas
  17 orc wizards
  3 mummies (Ossuary)
  11 gnolls
  12 adders
  A shadow imp (D:7)
  A white imp (D:5)
  2 ufetubi
  4 adder zombies (Ossuary)
  5 dart slugs
  2 worms (D:2)
  55 orcs
  6 ball pythons
  6 bats
  15 endoplasms
  5 giant cockroaches
  13 goblins
  5 hobgoblins
  16 kobolds
  A quokka (D:1)
  3 training dummies (D:13)
  A frilled lizard (D:2)
  A goblin zombie (Ossuary)
  4 hobgoblin zombies (Ossuary)
  2 kobold zombies (Ossuary)
  4 quokka zombies (Ossuary)
  8 rats
  3 rat zombies
  2 butterflies (D:6)
  4 tentacles (Shoals:4)
1287 creatures vanquished.

Vanquished Creatures (collateral kills)
  Mara (Depths:1)
  A fire giant (Vaults:4)
  A spark wasp (Spider:3)
  An entropy weaver (Vaults:1)
  2 ironbound frosthearts
  3 hydras
  A merfolk avatar (Shoals:1)
  A deep troll earth mage (Depths:1)
  A tengu warrior (Depths:1)
  An iron troll (Depths:1)
  A pharaoh ant (Spider:1)
  2 orb spiders (Spider:3)
  A deep troll (Depths:1)
  3 wolf spiders (Spider:4)
  An oklob plant (Shoals:2)
  3 ugly things (Depths:1)
  A demonic crawler (Spider:2)
  3 tarantellas (Spider:3)
  2 slime creatures (D:13)
  A jumping spider (Spider:3)
  2 culicivoras
  3 yaks (Lair:2)
  3 redbacks
39 creatures vanquished.

Vanquished Creatures (others)
  A deep elf zephyrmancer (D:14)
  A wizard (Vaults:3)
  60 fungi
  91 plants
  4 tentacles (Shoals:4)
157 creatures vanquished.

Grand Total: 1483 creatures vanquished

Notes
Turn   | Place    | Note
-------+----------+-------------------------------------------
     0 | D:1      | qw the Minotaur Berserker began the quest for the Orb.
     0 | D:1      | Reached XP level 1. HP: 19/19 MP: 0/0
     0 | D:1      | 0 ||| qw: Version: 0.1-a-113-g051387a
     0 | D:1      | 0 ||| qw: Game counter: 7046
     0 | D:1      | 0 ||| qw: Always use a shield: true
     0 | D:1      | 0 ||| qw: Do Orc after D:15 true
     0 | D:1      | 0 ||| qw: Do second Lair branch before Depths: true
     0 | D:1      | 0 ||| qw: Lair rune preference: random
     0 | D:1      | 0 ||| qw: Plans: Normal
     0 | D:1      | 0 ||| PLANNING D:1-11
   104 | D:1      | 104 ||| Stepping ~*~*~tactically~*~*~ (hiding).
   214 | D:1      | 214 ||| Stepping ~*~*~tactically~*~*~ (stealth).
   216 | D:1      | 216 ||| Stepping ~*~*~tactically~*~*~ (stealth).
   218 | D:1      | 218 ||| Stepping ~*~*~tactically~*~*~ (stealth).
   348 | D:1      | Reached XP level 2. HP: 24/26 MP: 1/1
   379 | D:1      | 379 ||| Stepping ~*~*~tactically~*~*~ (stealth).
   385 | D:1      | 385 ||| Stepping ~*~*~tactically~*~*~ (stealth).
   554 | D:1      | Found a faded altar of an unknown god.
   949 | D:1      | Reached XP level 3. HP: 31/31 MP: 2/2
  1006 | D:1      | Reached ** piety under Trog
  1044 | D:1      | 1044 ||| DROPPING +0 club.
  1222 | D:1      | Reached skill level 1 in Throwing
  1461 | D:1      | 1461 ||| UPGRADING to +0 ring mail.
  1471 | D:1      | 1471 ||| DROPPING +0 animal skin.
  1472 | D:1      | 1472 ||| READING scroll labelled MASIED VAUHIJUL.
  1473 | D:1      | 1473 ||| READING scroll labelled HUPAOK FYCOSUE.
  1474 | D:1      | 1474 ||| READING scroll labelled ANULLI ZILE.
  1475 | D:1      | 1475 ||| READING 2 scrolls labelled ROGANEY ZYNI.
  1628 | D:2      | You fall into a shaft and drop 1 floor!
  1730 | D:3      | 1730 ||| READING scroll labelled ZIUCEPONUMI.
  1754 | D:2      | 1754 ||| INVOKING Berserk.
  1757 | D:2      | Reached XP level 4. HP: 32/39 MP: 3/3
  1998 | D:2      | 1998 ||| Stepping ~*~*~tactically~*~*~ (stealth).
  2080 | D:2      | Reached skill level 6 in Axes
  2087 | D:2      | Noticed Natasha
  2092 | D:2      | 2092 ||| INVOKING Berserk.
  2094 | D:2      | Killed Natasha
  2319 | D:2      | 2319 ||| UPGRADING to +0 pair of boots.
  2324 | D:2      | 2324 ||| READING scroll labelled SOJIHASH FENAL.
  2325 | D:2      | 2325 ||| DRINKING 2 viscous green potions.
  2366 | D:2      | 2366 ||| DROPPING potion of lignification.
  2381 | D:2      | Noticed Natasha
  2382 | D:2      | 2382 ||| Stepping ~*~*~tactically~*~*~ (hiding).
  2386 | D:2      | 2386 ||| INVOKING Berserk.
  2390 | D:2      | Killed Natasha
  2391 | D:2      | Reached XP level 5. HP: 45/45 MP: 4/4
  2673 | D:3      | 2673 ||| SWAPPING to +0 war axe.
  2674 | D:3      | 2674 ||| DROPPING +0 hand axe.
  2735 | D:3      | 2735 ||| Stepping ~*~*~tactically~*~*~ (stealth).
  2736 | D:3      | 2736 ||| INVOKING Berserk.
  2740 | D:3      | Reached skill level 4 in Fighting
  3132 | D:3      | Noticed Terence
  3135 | D:3      | 3135 ||| INVOKING Berserk.
  3136 | D:3      | Killed Terence
  3243 | D:3      | 3243 ||| DROPPING +0 whip.
  3439 | D:3      | 3439 ||| UPGRADING to +0 chain mail.
  3449 | D:3      | 3449 ||| DROPPING +0 ring mail.
  3450 | D:3      | 3450 ||| READING scroll labelled HYOK JAQUTZ.
  3451 | D:3      | 3451 ||| READING 2 scrolls labelled QILELUMUXA.
  3452 | D:3      | 3452 ||| READING scroll labelled ITEH TYD TIKELL.
  3453 | D:3      | 3453 ||| DROPPING scroll of noise.
  3477 | D:4      | Noticed an ogre
  3481 | D:4      | 3481 ||| STAIRDANCE
  3487 | D:4      | 3487 ||| INVOKING Berserk.
  3488 | D:4      | Killed an ogre
  3489 | D:4      | Reached XP level 6. HP: 36/52 MP: 5/5
  3491 | D:4      | HP: 14/78 [iguana (9)]
  3494 | D:4      | 3494 ||| STAIRDANCE
  3794 | D:4      | 3794 ||| Stepping ~*~*~tactically~*~*~ (stealth).
  3852 | D:4      | 3852 ||| Stepping ~*~*~tactically~*~*~ (stealth).
  3853 | D:4      | 3853 ||| Stepping ~*~*~tactically~*~*~ (stealth).
  3856 | D:4      | Reached skill level 9 in Axes
  3856 | D:4      | 3856 ||| Stepping ~*~*~tactically~*~*~ (stealth).
  3923 | D:4      | Reached *** piety under Trog
  3989 | D:4      | Reached XP level 7. HP: 59/59 MP: 6/6
  4009 | D:4      | Reached skill level 3 in Armour
  4161 | D:4      | Found Veohimal's General Store.
  4165 | D:4      | 4165 ||| BUYING potion of haste (120 gold).
  4165 | D:4      | Bought a potion of haste for 120 gold pieces
  4165 | D:4      | 4165 ||| SHOPLISTING scroll of enchant weapon (90 gold,
                  | have 62).
  4489 | D:4      | 4489 ||| READING scroll labelled ROPTEU QUDGH.
  4514 | D:5      | Entered Level 5 of the Dungeon
  4621 | D:5      | 4621 ||| INVOKING Berserk.
  4625 | D:5      | Reached skill level 5 in Fighting
  4823 | D:5      | 4823 ||| Stepping ~*~*~tactically~*~*~ (hiding).
  4824 | D:5      | 4824 ||| Stepping ~*~*~tactically~*~*~ (hiding).
  4918 | D:5      | 4918 ||| INVOKING Berserk.
  5025 | D:5      | 5025 ||| INVOKING Berserk.
  5146 | D:5      | 5146 ||| FLEEEEING.
  5147 | D:5      | 5147 ||| FLEEEEING.
  5148 | D:5      | 5148 ||| FLEEEEING.
  5149 | D:5      | 5149 ||| FLEEEEING.
  5150 | D:5      | 5150 ||| FLEEEEING.
  5151 | D:5      | 5151 ||| FLEEEEING.
  5152 | D:5      | 5152 ||| FLEEEEING.
  5153 | D:5      | 5153 ||| FLEEEEING.
  5154 | D:5      | 5154 ||| FLEEEEING.
  5155 | D:5      | 5155 ||| FLEEEEING.
  5156 | D:5      | 5156 ||| FLEEEEING.
  5157 | D:5      | 5157 ||| FLEEEEING.
  5158 | D:5      | 5158 ||| FLEEEEING.
  5159 | D:5      | 5159 ||| FLEEEEING.
  5160 | D:5      | 5160 ||| FLEEEEING.
  5161 | D:5      | 5161 ||| FLEEEEING.
  5162 | D:5      | 5162 ||| FLEEEEING.
  5163 | D:5      | 5163 ||| FLEEEEING.
  5164 | D:5      | 5164 ||| FLEEEEING.
  5165 | D:5      | 5165 ||| FLEEEEING.
  5166 | D:5      | 5166 ||| FLEEEEING.
  5167 | D:5      | 5167 ||| FLEEEEING.
  5168 | D:5      | 5168 ||| FLEEEEING.
  5169 | D:5      | 5169 ||| FLEEEEING.
  5170 | D:5      | 5170 ||| FLEEEEING.
  5171 | D:5      | 5171 ||| FLEEEEING.
  5172 | D:5      | 5172 ||| FLEEEEING.
  5173 | D:5      | 5173 ||| FLEEEEING.
  5174 | D:5      | 5174 ||| FLEEEEING.
  5175 | D:5      | 5175 ||| FLEEEEING.
  5176 | D:5      | 5176 ||| FLEEEEING.
  5177 | D:5      | 5177 ||| FLEEEEING.
  5178 | D:5      | 5178 ||| FLEEEEING.
  5179 | D:5      | 5179 ||| FLEEEEING.
  5180 | D:5      | 5180 ||| FLEEEEING.
  5181 | D:5      | 5181 ||| FLEEEEING.
  5182 | D:5      | 5182 ||| FLEEEEING.
  5183 | D:5      | 5183 ||| FLEEEEING.
  5184 | D:5      | 5184 ||| FLEEEEING.
  5185 | D:5      | 5185 ||| FLEEEEING.
  5186 | D:5      | 5186 ||| FLEEEEING.
  5187 | D:5      | 5187 ||| FLEEEEING.
  5188 | D:5      | 5188 ||| FLEEEEING.
  5189 | D:5      | 5189 ||| FLEEEEING.
  5190 | D:5      | 5190 ||| FLEEEEING.
  5191 | D:5      | 5191 ||| STAIRDANCE
  5271 | D:5      | 5271 ||| Stepping ~*~*~tactically~*~*~ (hiding).
  5274 | D:5      | 5274 ||| Stepping ~*~*~tactically~*~*~ (hiding).
  5277 | D:5      | 5277 ||| INVOKING Berserk.
  5493 | D:5      | 5493 ||| Stepping ~*~*~tactically~*~*~ (stealth).
  5649 | D:5      | Reached skill level 6 in Fighting
  5649 | D:5      | Reached XP level 8. HP: 66/70 MP: 7/7
  5798 | D:5      | 5798 ||| DRINKING 2 emerald potions.
  5849 | D:6      | 5849 ||| PLANNING OSSUARY
  5849 | D:6      | Found a staircase to the Ecumenical Temple.
  6023 | D:6      | 6023 ||| READING scroll of enchant weapon.
  6023 | D:6      | 6023 ||| ENCHANTING +1 war axe.
  6130 | D:6      | 6130 ||| Stepping ~*~*~tactically~*~*~ (hiding).
  6135 | D:6      | 6135 ||| INVOKING Berserk.
  6144 | D:6      | 6144 ||| Stepping ~*~*~tactically~*~*~ (stealth).
  6152 | D:6      | 6152 ||| Stepping ~*~*~tactically~*~*~ (stealth).
  6163 | D:6      | 6163 ||| Stepping ~*~*~tactically~*~*~ (stealth).
  6238 | D:6      | Found a sand-covered staircase.
  6239 | D:6      | 6239 ||| READING scroll labelled JODIHE ZELIOTI.
  6240 | D:6      | 6240 ||| READING scroll labelled TUGOIKLIOL.
  6240 | D:6      | Identified a scroll of acquirement
  6240 | D:6      | 6240 ||| ACQUIRING amulet "Eladeah" {Reflect Fly Int+4
                  | SH+5}
  6240 | D:6      | Acquired the amulet "Eladeah" {Reflect Fly Int+4 SH+5}
  6248 | D:6      | 6248 ||| UPGRADING to amulet "Eladeah" {Reflect Fly Int+4
                  | SH+5}.
  6253 | D:6      | 6253 ||| READING 2 scrolls of identify.
  6253 | D:6      | 6253 ||| IDENTIFYING gluggy clear potion
  6254 | D:6      | 6254 ||| DROPPING potion of invisibility.
  6267 | Ossuary  | Entered an ossuary
  6424 | Ossuary  | Reached **** piety under Trog
  6519 | Ossuary  | 6519 ||| READING scroll labelled ZENLAM GYREY.
  6520 | Ossuary  | 6520 ||| DRINKING 2 lumpy brown potions.
  6521 | Ossuary  | 6521 ||| DRINKING 2 smoky green potions.
  6625 | Ossuary  | 6625 ||| READING 3 scrolls of identify.
  6625 | Ossuary  | 6625 ||| IDENTIFYING bubbling dark potion
  6626 | Ossuary  | 6626 ||| READING 2 scrolls of identify.
  6626 | Ossuary  | 6626 ||| IDENTIFYING brown potion
  6627 | Ossuary  | 6627 ||| DROPPING potion of degeneration.
  6628 | Ossuary  | 6628 ||| DROPPING potion of flight.
  6629 | Ossuary  | 6629 ||| DROPPING potion of berserk rage.
  6634 | D:6      | 6634 ||| PLANNING D:1-11
  6667 | D:6      | 6667 ||| Stepping ~*~*~tactically~*~*~ (hiding).
  6670 | D:6      | 6670 ||| INVOKING Berserk.
  6959 | D:6      | 6959 ||| INVOKING Berserk.
  7166 | D:6      | Reached skill level 12 in Axes
  7205 | D:6      | 7205 ||| READING 2 scrolls labelled LEDOTIYNUS.
  7364 | D:6      | 7364 ||| READING 4 scrolls of identify.
  7364 | D:6      | 7364 ||| IDENTIFYING pink potion
  7365 | D:6      | 7365 ||| READING 3 scrolls of identify.
  7365 | D:6      | 7365 ||| IDENTIFYING coppery potion
  7366 | D:6      | 7366 ||| READING 2 scrolls of identify.
  7366 | D:6      | 7366 ||| IDENTIFYING grey potion
  7367 | D:6      | 7367 ||| DROPPING scroll of torment.
  7368 | D:6      | 7368 ||| DROPPING potion of attraction.
  7369 | D:6      | 7369 ||| DROPPING potion of ambrosia.
  7587 | D:7      | 7587 ||| READING scroll of enchant armour.
  7587 | D:7      | 7587 ||| ENCHANTING +0 pair of boots.
  7591 | D:7      | 7591 ||| Stepping ~*~*~tactically~*~*~ (hiding).
  7592 | D:7      | 7592 ||| Stepping ~*~*~tactically~*~*~ (hiding).
  7593 | D:7      | 7593 ||| Stepping ~*~*~tactically~*~*~ (hiding).
  7605 | D:7      | Reached skill level 7 in Fighting
  7605 | D:7      | 7605 ||| INVOKING Berserk.
  7611 | D:7      | Reached XP level 9. HP: 39/79 MP: 8/8
  7617 | D:7      | 7617 ||| Stepping ~*~*~tactically~*~*~ (stealth).
  7994 | D:7      | 7994 ||| Stepping ~*~*~tactically~*~*~ (stealth).
  8299 | D:7      | Found an ancient bone altar of Kikubaaqudgha.
  8376 | D:7      | 8376 ||| READING scroll labelled HIHUAM PAHYWK.
  8377 | D:7      | 8377 ||| READING 3 scrolls of teleportation.
  8443 | D:8      | Found a flagged portal.
  8451 | D:8      | Identified the +1 spear "Betongoa" {elec, rElec}
  8509 | D:8      | 8509 ||| INVOKING Berserk.
  8517 | D:8      | HP: 19/79 [poisoned by a killer bee]
  8819 | D:8      | Reached skill level 3 in Throwing
  8986 | D:8      | 8986 ||| Stepping ~*~*~tactically~*~*~ (hiding).
  8987 | D:8      | 8987 ||| Stepping ~*~*~tactically~*~*~ (hiding).
  8988 | D:8      | 8988 ||| Stepping ~*~*~tactically~*~*~ (hiding).
  8989 | D:8      | 8989 ||| Stepping ~*~*~tactically~*~*~ (hiding).
  8989 | D:8      | Noticed Erica
  8999 | D:8      | 8999 ||| INVOKING Berserk.
  9006 | D:8      | Killed Erica
  9007 | D:8      | Reached skill level 9 in Fighting
  9139 | D:8      | 9139 ||| READING scroll of enchant armour.
  9139 | D:8      | 9139 ||| ENCHANTING +1 pair of boots.
  9241 | D:8      | 9241 ||| INVOKING Berserk.
  9598 | D:9      | Reached XP level 10. HP: 81/92 MP: 9/9
  9815 | D:9      | 9815 ||| Stepping ~*~*~tactically~*~*~ (stealth).
  9820 | D:9      | 9820 ||| Stepping ~*~*~tactically~*~*~ (stealth).
  9838 | D:9      | Reached skill level 3 in Dodging
  9856 | D:9      | 9856 ||| Stepping ~*~*~tactically~*~*~ (stealth).
  9875 | D:9      | 9875 ||| Stepping ~*~*~tactically~*~*~ (stealth).
  9891 | D:9      | 9891 ||| Stepping ~*~*~tactically~*~*~ (stealth).
  9966 | D:9      | Noticed Erolcha
  9967 | D:9      | 9967 ||| INVOKING Trog's Hand.
  9973 | D:9      | 9973 ||| INVOKING Berserk.
  9978 | D:9      | Killed Erolcha
 10230 | D:9      | 10230 ||| Stepping ~*~*~tactically~*~*~ (hiding).
 10246 | D:9      | Reached skill level 15 in Axes
 10330 | D:9      | Found a shimmering blue altar of Sif Muna.
 10331 | D:9      | Found a broken altar of Ashenzari.
 10360 | D:9      | 10360 ||| READING scroll of enchant weapon.
 10360 | D:9      | 10360 ||| ENCHANTING +2 war axe.
 10520 | D:9      | Found a staircase to the Orcish Mines.
 10690 | D:9      | 10690 ||| READING scroll labelled MAOJEC DAURAE.
 10791 | D:9      | 10791 ||| READING 2 scrolls of identify.
 10791 | D:9      | 10791 ||| IDENTIFYING viscous cyan potion
 10797 | D:10     | Entered Level 10 of the Dungeon
 10805 | D:10     | 10805 ||| Stepping ~*~*~tactically~*~*~ (stealth).
 10807 | D:10     | 10807 ||| INVOKING Berserk.
 10818 | D:10     | Reached skill level 6 in Armour
 11015 | D:10     | 11015 ||| Stepping ~*~*~tactically~*~*~ (hiding).
 11017 | D:10     | 11017 ||| Stepping ~*~*~tactically~*~*~ (hiding).
 11033 | D:10     | Reached ***** piety under Trog
 11047 | D:10     | Noticed Josephine
 11048 | D:10     | 11048 ||| FLEEEEING.
 11049 | D:10     | 11049 ||| FLEEEEING.
 11050 | D:10     | 11050 ||| FLEEEEING.
 11053 | D:10     | 11053 ||| FLEEEEING.
 11054 | D:10     | 11054 ||| FLEEEEING.
 11059 | D:10     | 11059 ||| FLEEEEING.
 11060 | D:10     | 11060 ||| FLEEEEING.
 11061 | D:10     | 11061 ||| FLEEEEING.
 11070 | D:10     | 11070 ||| FLEEEEING.
 11071 | D:10     | 11071 ||| FLEEEEING.
 11079 | D:10     | 11079 ||| STAIRDANCE
 11232 | D:10     | Killed Josephine
 11255 | D:10     | 11255 ||| FLEEEEING.
 11256 | D:10     | 11256 ||| STAIRDANCE
 11405 | D:10     | 11405 ||| STAIRDANCE
 11544 | D:10     | 11544 ||| INVOKING Berserk.
 11554 | D:10     | Found an ornate altar of the Wu Jian Council.
 11722 | D:10     | 11722 ||| Stepping ~*~*~tactically~*~*~ (stealth).
 11728 | D:10     | Reached skill level 10 in Fighting
 11805 | D:10     | Found a glowing silver altar of Zin.
 12032 | D:10     | 12032 ||| Stepping ~*~*~tactically~*~*~ (stealth).
 12035 | D:10     | 12035 ||| Stepping ~*~*~tactically~*~*~ (stealth).
 12039 | D:10     | 12039 ||| INVOKING Berserk.
 12047 | D:10     | Reached XP level 11. HP: 99/99 MP: 10/10
 12193 | D:10     | 12193 ||| UPGRADING to +0 pair of gloves.
 12198 | D:10     | 12198 ||| UPGRADING to +4 ring of evasion.
 12199 | D:10     | 12199 ||| DRINKING 2 viscous purple potions.
 12199 | D:10     | Gained mutation: You passively map a small area around you.
                  | [potion of mutation]
 12199 | D:10     | Gained mutation: You are occasionally teleported next to
                  | monsters. [potion of mutation]
 12200 | D:10     | 12200 ||| DRINKING potion of mutation.
 12200 | D:10     | Lost mutation: You passively map a small area around you.
                  | [potion of mutation]
 12200 | D:10     | Lost mutation: You are occasionally teleported next to
                  | monsters. [potion of mutation]
 12200 | D:10     | Gained mutation: You are dopey. (Int -2) [potion of
                  | mutation]
 12200 | D:10     | Gained mutation: You are strong-willed. (Will+) [potion of
                  | mutation]
 12200 | D:10     | Gained mutation: You have an increased reservoir of magic.
                  | (+10% MP) [potion of mutation]
 12200 | D:10     | Gained mutation: You are partially covered in iridescent
                  | scales. (AC +2) [potion of mutation]
 12209 | D:10     | 12209 ||| DRINKING 2 metallic brown potions.
 12249 | D:9      | Found a burning altar of Makhleb.
 12249 | D:9      | Found a stormy altar of Qazlal.
 12292 | D:11     | 12292 ||| Stepping ~*~*~tactically~*~*~ (stealth).
 12298 | D:11     | 12298 ||| Stepping ~*~*~tactically~*~*~ (stealth).
 12299 | D:11     | 12299 ||| Stepping ~*~*~tactically~*~*~ (stealth).
 12303 | D:11     | 12303 ||| Stepping ~*~*~tactically~*~*~ (stealth).
 12313 | D:11     | 12313 ||| INVOKING Berserk.
 12500 | D:11     | Found a staircase to the Lair.
 12548 | D:11     | 12548 ||| Stepping ~*~*~tactically~*~*~ (hiding).
 12553 | D:11     | 12553 ||| INVOKING Berserk.
 12658 | D:11     | 12658 ||| Stepping ~*~*~tactically~*~*~ (stealth).
 12659 | D:11     | 12659 ||| Stepping ~*~*~tactically~*~*~ (stealth).
 12725 | D:11     | Noticed an eight-headed hydra
 12726 | D:11     | 12726 ||| INVOKING Brothers in Arms.
 12727 | D:11     | 12727 ||| INVOKING Brothers in Arms.
 12728 | D:11     | 12728 ||| INVOKING Brothers in Arms.
 12729 | D:11     | 12729 ||| SWAPPING to +0 flail.
 12730 | D:11     | 12730 ||| INVOKING Berserk.
 12733 | D:11     | Killed an eight-headed hydra
 12762 | D:11     | 12762 ||| SWAPPING to +3 war axe.
 12891 | D:11     | 12891 ||| FLEEEEING.
 12903 | D:11     | 12903 ||| FLEEEEING.
 13121 | D:11     | Noticed Fannar
 13122 | D:11     | 13122 ||| FLEEEEING.
 13123 | D:11     | 13123 ||| FLEEEEING.
 13127 | D:11     | 13127 ||| FLEEEEING.
 13128 | D:11     | 13128 ||| FLEEEEING.
 13129 | D:11     | 13129 ||| FLEEEEING.
 13130 | D:11     | 13130 ||| FLEEEEING.
 13131 | D:11     | 13131 ||| FLEEEEING.
 13132 | D:11     | 13132 ||| FLEEEEING.
 13133 | D:11     | 13133 ||| FLEEEEING.
 13134 | D:11     | 13134 ||| FLEEEEING.
 13135 | D:11     | 13135 ||| FLEEEEING.
 13138 | D:11     | 13138 ||| STAIRDANCE
 13231 | D:11     | 13231 ||| INVOKING Berserk.
 13239 | D:11     | Killed Fannar
 13324 | D:11     | Reached skill level 11 in Fighting
 13726 | D:11     | Noticed a two-headed ogre
 13732 | D:11     | 13732 ||| INVOKING Berserk.
 13737 | D:11     | Reached skill level 9 in Armour
 13742 | D:11     | Killed a two-headed ogre
 14076 | D:11     | 14076 ||| PLANNING LAIR
 14076 | D:11     | 14076 ||| DRINKING 3 sedimented brown potions.
 14077 | D:11     | 14077 ||| DROPPING 2 potions of brilliance.
 14096 | Lair:1   | Entered Level 1 of the Lair of Beasts
 14148 | Lair:1   | 14148 ||| INVOKING Berserk.
 14334 | Lair:1   | 14334 ||| INVOKING Berserk.
 14498 | Lair:1   | Identified the +10 plate armour of Greed {rPois rN++ Regen+
                  | SInv}
 14544 | Lair:1   | Reached skill level 12 in Fighting
 14712 | Lair:1   | Noticed Prince Ribbit
 14714 | Lair:1   | 14714 ||| INVOKING Berserk.
 14714 | Lair:1   | Noticed a six-headed hydra
 14724 | Lair:1   | Killed a nine-headed hydra
 14730 | Lair:1   | Killed Prince Ribbit
 14903 | Lair:1   | Noticed a boulder beetle
 14907 | Lair:1   | 14907 ||| INVOKING Berserk.
 14923 | Lair:1   | Killed a boulder beetle
 14924 | Lair:1   | Reached skill level 13 in Fighting
 14924 | Lair:1   | Reached XP level 12. HP: 102/115 MP: 12/12
 15213 | Lair:1   | 15213 ||| UPGRADING to +10 plate armour of Greed {rPois
                  | rN++ Regen+ SInv}.
 15223 | Lair:1   | 15223 ||| DROPPING +0 chain mail.
 15263 | Lair:2   | 15263 ||| INVOKING Berserk.
 15457 | Lair:2   | Noticed an eight-headed hydra
 15458 | Lair:2   | 15458 ||| INVOKING Brothers in Arms.
 15459 | Lair:2   | 15459 ||| INVOKING Brothers in Arms.
 15460 | Lair:2   | 15460 ||| SWAPPING to +0 flail.
 15461 | Lair:2   | 15461 ||| INVOKING Berserk.
 15464 | Lair:2   | Killed an eight-headed hydra
 15472 | Lair:2   | 15472 ||| SWAPPING to +3 war axe.
 15489 | Lair:2   | 15489 ||| FLEEEEING.
 15490 | Lair:2   | 15490 ||| FLEEEEING.
 15491 | Lair:2   | 15491 ||| FLEEEEING.
 15492 | Lair:2   | 15492 ||| STAIRDANCE
 15931 | Lair:2   | Found a staircase to the Shoals.
 15932 | Lair:2   | 15932 ||| Stepping ~*~*~tactically~*~*~ (hiding).
 16020 | Lair:2   | Noticed a four-headed hydra
 16021 | Lair:2   | 16021 ||| INVOKING Brothers in Arms.
 16023 | Lair:2   | 16023 ||| SWAPPING to +0 flail.
 16024 | Lair:2   | 16024 ||| INVOKING Berserk.
 16026 | Lair:2   | Killed a four-headed hydra
 16027 | Lair:2   | Reached skill level 12 in Armour
 16030 | Lair:2   | 16030 ||| SWAPPING to +3 war axe.
 16382 | Lair:2   | Noticed Sonja
 16413 | Lair:2   | Killed Sonja
 16629 | Lair:2   | 16629 ||| READING scroll labelled WEUFUFRO PIDONK.
 16661 | Lair:3   | 16661 ||| STAIRDANCE
 16741 | Lair:3   | 16741 ||| Stepping ~*~*~tactically~*~*~ (stealth).
 16743 | Lair:3   | 16743 ||| Stepping ~*~*~tactically~*~*~ (stealth).
 16757 | Lair:3   | Reached skill level 6 in Throwing
 16788 | Lair:3   | Reached skill level 14 in Fighting
 17153 | Lair:3   | Found a hole to the Spider Nest.
 17154 | Lair:3   | 17154 ||| INVOKING Brothers in Arms.
 17163 | Lair:3   | 17163 ||| INVOKING Berserk.
 17229 | Lair:3   | 17229 ||| READING scroll of enchant weapon.
 17229 | Lair:3   | 17229 ||| ENCHANTING +3 war axe.
 17348 | Lair:4   | 17348 ||| STAIRDANCE
 17355 | Lair:4   | 17355 ||| STAIRDANCE
 17363 | Lair:4   | 17363 ||| STAIRDANCE
 17365 | Lair:3   | 17365 ||| INVOKING Berserk.
 17483 | Lair:4   | 17483 ||| STAIRDANCE
 17495 | Lair:4   | 17495 ||| INVOKING Berserk.
 17497 | Lair:4   | Reached XP level 13. HP: 125/125 MP: 13/13
 17506 | Lair:4   | 17506 ||| FLEEEEING.
 17508 | Lair:4   | 17508 ||| STAIRDANCE
 17625 | Lair:4   | 17625 ||| INVOKING Berserk.
 17633 | Lair:4   | 17633 ||| FLEEEEING.
 17634 | Lair:4   | 17634 ||| FLEEEEING.
 17635 | Lair:4   | 17635 ||| FLEEEEING.
 17636 | Lair:4   | 17636 ||| FLEEEEING.
 17637 | Lair:4   | 17637 ||| STAIRDANCE
 17741 | Lair:4   | 17741 ||| INVOKING Berserk.
 17744 | Lair:4   | Reached skill level 15 in Fighting
 17748 | Lair:4   | 17748 ||| STAIRDANCE
 18493 | Lair:4   | 18493 ||| INVOKING Berserk.
 18879 | Lair:5   | Entered Level 5 of the Lair of Beasts
 18884 | Lair:5   | 18884 ||| INVOKING Berserk.
 18893 | Lair:5   | Reached skill level 6 in Dodging
 18896 | Lair:5   | 18896 ||| FLEEEEING.
 18899 | Lair:5   | 18899 ||| FLEEEEING.
 18900 | Lair:5   | 18900 ||| STAIRDANCE
 19004 | Lair:5   | 19004 ||| INVOKING Berserk.
 19018 | Lair:5   | 19018 ||| FLEEEEING.
 19019 | Lair:5   | 19019 ||| FLEEEEING.
 19020 | Lair:5   | 19020 ||| STAIRDANCE
 19130 | Lair:5   | 19130 ||| STAIRDANCE
 19141 | Lair:5   | 19141 ||| STAIRDANCE
 19151 | Lair:5   | 19151 ||| STAIRDANCE
 19163 | Lair:5   | 19163 ||| STAIRDANCE
 19170 | Lair:5   | 19170 ||| STAIRDANCE
 19172 | Lair:4   | 19172 ||| INVOKING Berserk.
 19292 | Lair:5   | 19292 ||| STAIRDANCE
 19327 | Lair:5   | 19327 ||| Stepping ~*~*~tactically~*~*~ (hiding).
 19352 | Lair:5   | 19352 ||| INVOKING Berserk.
 19427 | Lair:5   | 19427 ||| INVOKING Berserk.
 19435 | Lair:5   | 19435 ||| FLEEEEING.
 19436 | Lair:5   | 19436 ||| FLEEEEING.
 19437 | Lair:5   | 19437 ||| STAIRDANCE
 19541 | Lair:5   | 19541 ||| INVOKING Berserk.
 19555 | Lair:5   | 19555 ||| FLEEEEING.
 19556 | Lair:5   | 19556 ||| FLEEEEING.
 19557 | Lair:5   | 19557 ||| STAIRDANCE
 19724 | Lair:5   | 19724 ||| SWAPPING to +0 flail.
 19725 | Lair:5   | 19725 ||| INVOKING Berserk.
 19730 | Lair:5   | 19730 ||| SWAPPING to +4 war axe.
 19947 | Lair:5   | 19947 ||| Stepping ~*~*~tactically~*~*~ (stealth).
 19949 | Lair:5   | 19949 ||| SWAPPING to +0 flail.
 19950 | Lair:5   | 19950 ||| Stepping ~*~*~tactically~*~*~ (stealth).
 19951 | Lair:5   | 19951 ||| Stepping ~*~*~tactically~*~*~ (stealth).
 19952 | Lair:5   | 19952 ||| INVOKING Berserk.
 19976 | Lair:5   | 19976 ||| SWAPPING to +4 war axe.
 20086 | Lair:5   | 20086 ||| INVOKING Berserk.
 20289 | Lair:5   | 20289 ||| INVOKING Berserk.
 20361 | Lair:5   | 20361 ||| Stepping ~*~*~tactically~*~*~ (stealth).
 20362 | Lair:5   | 20362 ||| Stepping ~*~*~tactically~*~*~ (stealth).
 20367 | Lair:5   | 20367 ||| Stepping ~*~*~tactically~*~*~ (stealth).
 20383 | Lair:5   | 20383 ||| Stepping ~*~*~tactically~*~*~ (stealth).
 20483 | Lair:5   | 20483 ||| INVOKING Berserk.
 20597 | Lair:5   | Found a staircase to the Slime Pits.
 20713 | Lair:5   | Reached skill level 16 in Fighting
 20716 | Lair:5   | 20716 ||| Stepping ~*~*~tactically~*~*~ (hiding).
 20730 | Lair:5   | 20730 ||| Stepping ~*~*~tactically~*~*~ (stealth).
 20732 | Lair:5   | 20732 ||| Stepping ~*~*~tactically~*~*~ (hiding).
 20734 | Lair:5   | 20734 ||| INVOKING Berserk.
 20747 | Lair:5   | 20747 ||| FLEEEEING.
 20748 | Lair:5   | 20748 ||| FLEEEEING.
 20749 | Lair:5   | 20749 ||| FLEEEEING.
 20750 | Lair:5   | 20750 ||| FLEEEEING.
 20753 | Lair:5   | 20753 ||| FLEEEEING.
 20754 | Lair:5   | 20754 ||| FLEEEEING.
 20755 | Lair:5   | 20755 ||| FLEEEEING.
 20756 | Lair:5   | 20756 ||| FLEEEEING.
 20757 | Lair:5   | 20757 ||| STAIRDANCE
 20963 | Lair:5   | 20963 ||| INVOKING Berserk.
 20983 | Lair:5   | 20983 ||| Stepping ~*~*~tactically~*~*~ (stealth).
 20984 | Lair:5   | 20984 ||| Stepping ~*~*~tactically~*~*~ (stealth).
 20992 | Lair:5   | 20992 ||| Stepping ~*~*~tactically~*~*~ (stealth).
 20993 | Lair:5   | 20993 ||| Stepping ~*~*~tactically~*~*~ (stealth).
 21000 | Lair:5   | 21000 ||| FLEEEEING.
 21024 | Lair:5   | 21024 ||| Stepping ~*~*~tactically~*~*~ (stealth).
 21026 | Lair:5   | 21026 ||| INVOKING Berserk.
 21034 | Lair:5   | Noticed a fire dragon
 21046 | Lair:5   | Killed a fire dragon
 21307 | Lair:5   | 21307 ||| PLANNING D
 21439 | D:12     | 21439 ||| Stepping ~*~*~tactically~*~*~ (stealth).
 21445 | D:12     | 21445 ||| INVOKING Berserk.
 21461 | D:12     | Reached skill level 17 in Fighting
 21470 | D:12     | 21470 ||| Stepping ~*~*~tactically~*~*~ (hiding).
 21472 | D:12     | 21472 ||| Stepping ~*~*~tactically~*~*~ (hiding).
 21486 | D:12     | 21486 ||| Stepping ~*~*~tactically~*~*~ (hiding).
 21496 | D:12     | 21496 ||| Stepping ~*~*~tactically~*~*~ (stealth).
 21540 | D:12     | 21540 ||| Stepping ~*~*~tactically~*~*~ (stealth).
 21544 | D:12     | 21544 ||| Stepping ~*~*~tactically~*~*~ (stealth).
 21598 | D:12     | 21598 ||| Stepping ~*~*~tactically~*~*~ (hiding).
 21748 | D:12     | 21748 ||| INVOKING Berserk.
 21950 | D:12     | 21950 ||| INVOKING Berserk.
 21963 | D:12     | Reached skill level 15 in Armour
 22347 | D:12     | 22347 ||| UPGRADING to +0 cloak.
 22429 | D:13     | 22429 ||| Stepping ~*~*~tactically~*~*~ (stealth).
 22430 | D:13     | 22430 ||| Stepping ~*~*~tactically~*~*~ (stealth).
 22431 | D:13     | 22431 ||| Stepping ~*~*~tactically~*~*~ (stealth).
 22433 | D:13     | 22433 ||| Stepping ~*~*~tactically~*~*~ (stealth).
 22439 | D:13     | 22439 ||| INVOKING Berserk.
 22443 | D:13     | Reached XP level 14. HP: 140/140 MP: 14/14
 22638 | D:13     | 22638 ||| INVOKING Brothers in Arms.
 22639 | D:13     | 22639 ||| INVOKING Brothers in Arms.
 22642 | D:13     | 22642 ||| INVOKING Brothers in Arms.
 22643 | D:13     | 22643 ||| INVOKING Brothers in Arms.
 22644 | D:13     | 22644 ||| INVOKING Brothers in Arms.
 22645 | D:13     | 22645 ||| INVOKING Brothers in Arms.
 22646 | D:13     | 22646 ||| INVOKING Brothers in Arms.
 22647 | D:13     | 22647 ||| INVOKING Brothers in Arms.
 22648 | D:13     | 22648 ||| SWAPPING to +0 flail.
 22649 | D:13     | 22649 ||| INVOKING Berserk.
 22667 | D:13     | 22667 ||| SWAPPING to +4 war axe.
 22916 | D:13     | Found Sese's Firing Range.
 22957 | D:13     | 22957 ||| Stepping ~*~*~tactically~*~*~ (hiding).
 22958 | D:13     | 22958 ||| Stepping ~*~*~tactically~*~*~ (hiding).
 22960 | D:13     | 22960 ||| Stepping ~*~*~tactically~*~*~ (hiding).
 23082 | D:13     | 23082 ||| Stepping ~*~*~tactically~*~*~ (stealth).
 23083 | D:13     | 23083 ||| Stepping ~*~*~tactically~*~*~ (stealth).
 23084 | D:13     | 23084 ||| Stepping ~*~*~tactically~*~*~ (stealth).
 23273 | D:13     | 23273 ||| UPGRADING to ring of protection from fire.
 23305 | D:14     | Found a transporter.
 23305 | D:14     | Noticed Laowois's ghost (journeyman MiBe)
 23307 | D:14     | Found a transporter.
 23350 | D:14     | 23350 ||| INVOKING Berserk.
 23485 | D:14     | 23485 ||| Stepping ~*~*~tactically~*~*~ (hiding).
 23491 | D:14     | 23491 ||| Stepping ~*~*~tactically~*~*~ (hiding).
 23499 | D:14     | 23499 ||| Stepping ~*~*~tactically~*~*~ (hiding).
 23516 | D:14     | 23516 ||| INVOKING Brothers in Arms.
 23539 | D:14     | 23539 ||| INVOKING Berserk.
 23691 | D:14     | Identified the ring of the Nine Ghosts {Fly Dex+4}
 23691 | D:14     | Noticed a vampire knight
 23693 | D:14     | Identified the +1 dagger of Greed {protect, Fly SInv
                  | Stlth-}
 23764 | D:14     | 23764 ||| Stepping ~*~*~tactically~*~*~ (hiding).
 23768 | D:14     | 23768 ||| INVOKING Berserk.
 23877 | D:14     | Found a gate to the Vaults.
 23895 | D:14     | 23895 ||| Stepping ~*~*~tactically~*~*~ (stealth).
 23897 | D:14     | 23897 ||| INVOKING Berserk.
 24096 | D:14     | 24096 ||| Stepping ~*~*~tactically~*~*~ (hiding).
 24097 | D:14     | 24097 ||| Stepping ~*~*~tactically~*~*~ (hiding).
 24110 | D:14     | 24110 ||| Stepping ~*~*~tactically~*~*~ (hiding).
 24560 | D:14     | Reached skill level 18 in Fighting
 24563 | D:14     | 24563 ||| INVOKING Berserk.
 24686 | D:14     | Found Uhough's CLEARANCE SALE!.
 24695 | D:14     | 24695 ||| BUYING +15 Maxwell's patent armour {-Cast -Tele
                  | rElec Will+ rCorr} (744 gold).
 24695 | D:14     | Bought the +15 Maxwell's patent armour {-Cast -Tele rElec
                  | Will+ rCorr} for 744 gold pieces
 24695 | D:14     | Found the +15 Maxwell's patent armour {-Cast -Tele rElec
                  | Will+ rCorr}
 24695 | D:14     | 24695 ||| DROPPING amulet of reflection.
 24720 | D:15     | Entered Level 15 of the Dungeon
 24739 | D:15     | 24739 ||| READING 3 scrolls of enchant weapon.
 24739 | D:15     | 24739 ||| ENCHANTING +4 war axe.
 24740 | D:15     | 24740 ||| READING 2 scrolls of enchant weapon.
 24740 | D:15     | 24740 ||| ENCHANTING +5 war axe.
 24741 | D:15     | 24741 ||| READING scroll of enchant weapon.
 24741 | D:15     | 24741 ||| ENCHANTING +6 war axe.
 24798 | D:15     | 24798 ||| INVOKING Brothers in Arms.
 24800 | D:15     | 24800 ||| SWAPPING to +0 flail.
 24802 | D:15     | 24802 ||| INVOKING Berserk.
 24818 | D:15     | 24818 ||| SWAPPING to +7 war axe.
 24913 | D:15     | 24913 ||| Stepping ~*~*~tactically~*~*~ (hiding).
 24915 | D:15     | 24915 ||| Stepping ~*~*~tactically~*~*~ (hiding).
 24925 | D:15     | 24925 ||| INVOKING Berserk.
 25010 | D:15     | 25010 ||| Stepping ~*~*~tactically~*~*~ (stealth).
 25012 | D:15     | 25012 ||| Stepping ~*~*~tactically~*~*~ (stealth).
 25018 | D:15     | 25018 ||| INVOKING Berserk.
 25140 | D:15     | 25140 ||| DROPPING +0 flail.
 25185 | D:15     | 25185 ||| INVOKING Brothers in Arms.
 25186 | D:15     | 25186 ||| SWAPPING to +0 morningstar.
 25187 | D:15     | 25187 ||| INVOKING Berserk.
 25200 | D:15     | 25200 ||| SWAPPING to +7 war axe.
 25306 | D:15     | Found a sacrificial altar of Ru.
 25514 | D:15     | 25514 ||| Stepping ~*~*~tactically~*~*~ (stealth).
 25516 | D:15     | 25516 ||| Stepping ~*~*~tactically~*~*~ (stealth).
 25530 | D:15     | 25530 ||| FLEEEEING.
 25535 | D:15     | 25535 ||| FLEEEEING.
 25536 | D:15     | 25536 ||| FLEEEEING.
 25658 | D:15     | 25658 ||| Stepping ~*~*~tactically~*~*~ (hiding).
 25671 | D:15     | 25671 ||| INVOKING Berserk.
 25679 | D:15     | Reached skill level 9 in Throwing
 25821 | D:15     | Found a staircase to the Depths.
 25893 | D:15     | 25893 ||| UPGRADING to +2 hat.
 26020 | D:15     | 26020 ||| PLANNING ORC
 26178 | Orc:1    | Entered Level 1 of the Orcish Mines
 26257 | Orc:1    | 26257 ||| Stepping ~*~*~tactically~*~*~ (hiding).
 26261 | Orc:1    | 26261 ||| Stepping ~*~*~tactically~*~*~ (hiding).
 26265 | Orc:1    | 26265 ||| INVOKING Trog's Hand.
 26267 | Orc:1    | 26267 ||| INVOKING Berserk.
 26451 | Orc:1    | Reached XP level 15. HP: 137/150 MP: 15/15
 26468 | Orc:1    | Found Ymipy's Magic Scroll Shop.
 26475 | Orc:1    | 26475 ||| Stepping ~*~*~tactically~*~*~ (stealth).
 26477 | Orc:1    | 26477 ||| READING 7 scrolls of teleportation.
 26530 | Orc:1    | You are sucked into a shaft and drop 1 floor!
 26530 | Orc:2    | Entered Level 2 of the Orcish Mines
 26562 | Orc:2    | Noticed Maurice
 26563 | Orc:2    | 26563 ||| Stepping ~*~*~tactically~*~*~ (hiding).
 26564 | Orc:2    | 26564 ||| Stepping ~*~*~tactically~*~*~ (hiding).
 26576 | Orc:2    | Killed Maurice
 26609 | Orc:1    | 26609 ||| BUYING scroll of brand weapon (142 gold).
 26609 | Orc:1    | Bought a scroll of brand weapon for 142 gold pieces
 26609 | Orc:1    | 26609 ||| BUYING scroll of teleportation (45 gold).
 26609 | Orc:1    | Bought a scroll of teleportation for 45 gold pieces
 26609 | Orc:1    | 26609 ||| BUYING scroll of teleportation (45 gold).
 26609 | Orc:1    | Bought a scroll of teleportation for 45 gold pieces
 26609 | Orc:1    | 26609 ||| READING scroll of brand weapon.
 26609 | Orc:1    | 26609 ||| BRANDING +7 war axe.
 26627 | Orc:1    | 26627 ||| Stepping ~*~*~tactically~*~*~ (hiding).
 26641 | Orc:1    | 26641 ||| Stepping ~*~*~tactically~*~*~ (hiding).
 26658 | Orc:1    | 26658 ||| Stepping ~*~*~tactically~*~*~ (hiding).
 27057 | Orc:2    | Found a runed translucent gate.
 27057 | Orc:2    | Found a runed translucent gate.
 27057 | Orc:2    | Found an opulent altar of Gozag.
 27059 | Orc:2    | Found a runed translucent gate.
 27061 | Orc:2    | Noticed qw's ghost (journeyman MiBe)
 27064 | Orc:2    | Found Siac's Assorted Antiques.
 27138 | Orc:2    | 27138 ||| Stepping ~*~*~tactically~*~*~ (hiding).
 27158 | Orc:2    | 27158 ||| INVOKING Trog's Hand.
 27164 | Orc:2    | 27164 ||| INVOKING Berserk.
 27173 | Orc:2    | Found Xyobeg's Weapon Boutique.
 27184 | Orc:2    | Reached skill level 19 in Fighting
 27316 | Orc:2    | Found Etaymikh's Armour Emporium.
 27317 | Orc:2    | Found Mutucod's Antique Armour Boutique.
 27325 | Orc:2    | 27325 ||| BUYING kite shield (108 gold).
 27325 | Orc:2    | Bought a kite shield for 108 gold pieces
 27325 | Orc:2    | 27325 ||| BUYING pair of glowing boots (180 gold).
 27325 | Orc:2    | Bought a pair of glowing boots for 180 gold pieces
 27327 | Orc:2    | Found Ruanle's Assorted Antiques.
 27331 | Orc:2    | 27331 ||| BUYING +1 cloak of poison resistance (189 gold).
 27331 | Orc:2    | Bought a +1 cloak of poison resistance for 189 gold pieces
 27358 | Orc:2    | 27358 ||| INVOKING Trog's Hand.
 27361 | Orc:2    | 27361 ||| INVOKING Berserk.
 27663 | Orc:2    | Found a staircase to the Elven Halls.
 27746 | Orc:2    | 27746 ||| PLANNING SHOALS:1-3
 27746 | Orc:2    | 27746 ||| UPGRADING to +0 kite shield.
 27751 | Orc:2    | 27751 ||| DROPPING +2 pair of boots.
 27752 | Orc:2    | 27752 ||| UPGRADING to +1 cloak of poison resistance.
 27762 | Orc:2    | 27762 ||| DROPPING +0 cloak.
 27952 | Shoals:1 | Entered Level 1 of the Shoals
 27969 | Shoals:1 | Reached skill level 1 in Shields
 28096 | Shoals:1 | Reached skill level 3 in Shields
 28251 | Shoals:1 | 28251 ||| INVOKING Berserk.
 28470 | Shoals:1 | 28470 ||| INVOKING Trog's Hand.
 28471 | Shoals:1 | 28471 ||| INVOKING Brothers in Arms.
 28483 | Shoals:1 | Reached skill level 6 in Shields
 28598 | Shoals:1 | Found Tijeyni's Weapon Emporium.
 28880 | Shoals:2 | Noticed Jorgrun
 28881 | Shoals:2 | 28881 ||| INVOKING Brothers in Arms.
 28890 | Shoals:2 | 28890 ||| INVOKING Berserk.
 28906 | Shoals:2 | Killed Jorgrun
 29326 | Shoals:2 | Reached skill level 9 in Shields
 29398 | Shoals:2 | 29398 ||| INVOKING Berserk.
 29582 | Shoals:2 | 29582 ||| INVOKING Brothers in Arms.
 29583 | Shoals:2 | Found a snail-covered altar of Cheibriados.
 29788 | Shoals:2 | 29788 ||| DROPPING +1 cloak.
 29789 | Shoals:2 | 29789 ||| UPGRADING to +1 pair of gloves.
 29799 | Shoals:2 | 29799 ||| DROPPING +0 pair of gloves.
 29830 | Shoals:3 | 29830 ||| INVOKING Berserk.
 29974 | Shoals:3 | 29974 ||| READING scroll of enchant weapon.
 29974 | Shoals:3 | 29974 ||| ENCHANTING +7 vampiric war axe.
 29979 | Shoals:3 | 29979 ||| Stepping ~*~*~tactically~*~*~ (hiding).
 29980 | Shoals:3 | 29980 ||| Stepping ~*~*~tactically~*~*~ (hiding).
 29984 | Shoals:3 | 29984 ||| INVOKING Trog's Hand.
 29999 | Shoals:3 | 29999 ||| INVOKING Berserk.
 30009 | Shoals:3 | 30009 ||| INVOKING Trog's Hand.
 30136 | Shoals:3 | 30136 ||| INVOKING Trog's Hand.
 30150 | Shoals:3 | 30150 ||| INVOKING Berserk.
 30297 | Shoals:3 | 30297 ||| Stepping ~*~*~tactically~*~*~ (hiding).
 30321 | Shoals:3 | 30321 ||| READING scroll of acquirement.
 30321 | Shoals:3 | 30321 ||| ACQUIRING ring "Amif" {rElec Will+ Slay+2}
 30321 | Shoals:3 | Acquired the ring "Amif" {rElec Will+ Slay+2}
 30323 | Shoals:3 | 30323 ||| UPGRADING to ring "Amif" {rElec Will+ Slay+2}.
 30334 | Shoals:3 | 30334 ||| Stepping ~*~*~tactically~*~*~ (hiding).
 30365 | Shoals:3 | 30365 ||| Stepping ~*~*~tactically~*~*~ (hiding).
 30367 | Shoals:3 | 30367 ||| INVOKING Berserk.
 30372 | Shoals:3 | Reached XP level 16. HP: 160/160 MP: 16/16
 30785 | Shoals:3 | 30785 ||| INVOKING Berserk.
 31170 | Shoals:3 | 31170 ||| PLANNING SPIDER:1-3
 31170 | Shoals:3 | 31170 ||| UPGRADING to +4 ring of evasion.
 31291 | Spider:1 | Entered Level 1 of the Spider Nest
 31303 | Spider:1 | Reached skill level 12 in Shields
 31339 | Spider:1 | 31339 ||| Stepping ~*~*~tactically~*~*~ (stealth).
 31344 | Spider:1 | 31344 ||| Stepping ~*~*~tactically~*~*~ (stealth).
 31345 | Spider:1 | 31345 ||| Stepping ~*~*~tactically~*~*~ (stealth).
 31346 | Spider:1 | 31346 ||| Stepping ~*~*~tactically~*~*~ (stealth).
 31347 | Spider:1 | 31347 ||| Stepping ~*~*~tactically~*~*~ (stealth).
 31366 | Spider:1 | 31366 ||| DRINKING 10 potions of curing.
 31366 | Spider:1 | 31366 ||| (to cure confusion)
 31373 | Spider:1 | 31373 ||| DRINKING potion of cancellation.
 31380 | Spider:1 | 31380 ||| INVOKING Brothers in Arms.
 31426 | Spider:1 | 31426 ||| READING 9 scrolls of teleportation.
 31448 | Spider:1 | 31448 ||| Stepping ~*~*~tactically~*~*~ (stealth).
 31449 | Spider:1 | 31449 ||| Stepping ~*~*~tactically~*~*~ (stealth).
 31454 | Spider:1 | 31454 ||| Stepping ~*~*~tactically~*~*~ (stealth).
 31455 | Spider:1 | 31455 ||| Stepping ~*~*~tactically~*~*~ (stealth).
 31463 | Spider:1 | 31463 ||| READING 8 scrolls of teleportation.
 31472 | Spider:1 | 31472 ||| Stepping ~*~*~tactically~*~*~ (stealth).
 31488 | Spider:1 | 31488 ||| Stepping ~*~*~tactically~*~*~ (stealth).
 31491 | Spider:1 | 31491 ||| Stepping ~*~*~tactically~*~*~ (stealth).
 31492 | Spider:1 | 31492 ||| Stepping ~*~*~tactically~*~*~ (stealth).
 31494 | Spider:1 | 31494 ||| Stepping ~*~*~tactically~*~*~ (stealth).
 31495 | Spider:1 | 31495 ||| Stepping ~*~*~tactically~*~*~ (stealth).
 31496 | Spider:1 | 31496 ||| Stepping ~*~*~tactically~*~*~ (stealth).
 31508 | Spider:1 | 31508 ||| Stepping ~*~*~tactically~*~*~ (stealth).
 31555 | Spider:1 | 31555 ||| Stepping ~*~*~tactically~*~*~ (stealth).
 31556 | Spider:1 | 31556 ||| Stepping ~*~*~tactically~*~*~ (stealth).
 31557 | Spider:1 | 31557 ||| Stepping ~*~*~tactically~*~*~ (stealth).
 31583 | Spider:1 | 31583 ||| Stepping ~*~*~tactically~*~*~ (stealth).
 31610 | Spider:1 | 31610 ||| INVOKING Brothers in Arms.
 31691 | Spider:1 | 31691 ||| Stepping ~*~*~tactically~*~*~ (stealth).
 31696 | Spider:1 | 31696 ||| Stepping ~*~*~tactically~*~*~ (stealth).
 31702 | Spider:1 | 31702 ||| Stepping ~*~*~tactically~*~*~ (stealth).
 32006 | Spider:1 | You are sucked into a shaft and drop 1 floor!
 32223 | Spider:2 | 32223 ||| Stepping ~*~*~tactically~*~*~ (hiding).
 32224 | Spider:2 | 32224 ||| Stepping ~*~*~tactically~*~*~ (hiding).
 32225 | Spider:2 | 32225 ||| Stepping ~*~*~tactically~*~*~ (stealth).
 32226 | Spider:2 | 32226 ||| INVOKING Brothers in Arms.
 32227 | Spider:2 | 32227 ||| INVOKING Brothers in Arms.
 32228 | Spider:2 | 32228 ||| INVOKING Brothers in Arms.
 32229 | Spider:2 | 32229 ||| INVOKING Brothers in Arms.
 32398 | Spider:2 | 32398 ||| INVOKING Berserk.
 32534 | Spider:2 | 32534 ||| Stepping ~*~*~tactically~*~*~ (stealth).
 32536 | Spider:2 | 32536 ||| Stepping ~*~*~tactically~*~*~ (hiding).
 32542 | Spider:2 | 32542 ||| INVOKING Berserk.
 32545 | Spider:2 | Reached skill level 15 in Shields
 32978 | Spider:3 | 32978 ||| INVOKING Brothers in Arms.
 33032 | Spider:3 | 33032 ||| Stepping ~*~*~tactically~*~*~ (hiding).
 33036 | Spider:3 | 33036 ||| INVOKING Brothers in Arms.
 33058 | Spider:3 | 33058 ||| INVOKING Berserk.
 33176 | Spider:3 | 33176 ||| READING scroll of enchant armour.
 33176 | Spider:3 | 33176 ||| ENCHANTING +1 pair of gloves.
 33510 | Spider:3 | 33510 ||| Stepping ~*~*~tactically~*~*~ (hiding).
 33512 | Spider:3 | 33512 ||| INVOKING Berserk.
 33992 | Spider:3 | 33992 ||| PLANNING SHOALS:4
 33992 | Spider:3 | 33992 ||| DROPPING amulet of magic regeneration.
 33993 | Spider:3 | 33993 ||| DROPPING ring of ice.
 34160 | Shoals:4 | Entered Level 4 of the Shoals
 34161 | Shoals:4 | 34161 ||| INVOKING Trog's Hand.
 34165 | Shoals:4 | 34165 ||| INVOKING Berserk.
 34292 | Shoals:4 | 34292 ||| Stepping ~*~*~tactically~*~*~ (stealth).
 34293 | Shoals:4 | Noticed a kraken
 34294 | Shoals:4 | 34294 ||| Stepping ~*~*~tactically~*~*~ (hiding).
 34298 | Shoals:4 | 34298 ||| INVOKING Berserk.
 34328 | Shoals:4 | 34328 ||| INVOKING Trog's Hand.
 34330 | Shoals:4 | Reached skill level 18 in Armour
 34331 | Shoals:4 | Killed a kraken
 34332 | Shoals:4 | Reached XP level 17. HP: 168/168 MP: 17/17
 34456 | Shoals:4 | Got a barnacled rune of Zot
 34526 | Shoals:4 | 34526 ||| Stepping ~*~*~tactically~*~*~ (hiding).
 34531 | Shoals:4 | 34531 ||| INVOKING Berserk.
 34733 | Shoals:4 | Identified the amulet "Ozex Kes" {Spirit Int+4 SInv Stlth-}
 34855 | Shoals:4 | 34855 ||| INVOKING Berserk.
 34858 | Shoals:4 | Reached skill level 9 in Dodging
 35035 | Shoals:4 | 35035 ||| Stepping ~*~*~tactically~*~*~ (stealth).
 35039 | Shoals:4 | 35039 ||| Stepping ~*~*~tactically~*~*~ (hiding).
 35042 | Shoals:4 | 35042 ||| INVOKING Berserk.
 35057 | Shoals:4 | 35057 ||| INVOKING Trog's Hand.
 35224 | Shoals:4 | Noticed a kraken
 35237 | Shoals:4 | Killed a kraken
 35298 | Shoals:4 | 35298 ||| INVOKING Trog's Hand.
 35304 | Shoals:4 | 35304 ||| INVOKING Berserk.
 35442 | Shoals:4 | 35442 ||| Stepping ~*~*~tactically~*~*~ (hiding).
 35473 | Shoals:4 | Identified the +7 morningstar of the Narrow God {drain, rF+
                  | Will+ Dex+4}
 35475 | Shoals:4 | 35475 ||| DROPPING +0 morningstar.
 35523 | Shoals:4 | 35523 ||| Stepping ~*~*~tactically~*~*~ (stealth).
 35525 | Shoals:4 | 35525 ||| Stepping ~*~*~tactically~*~*~ (hiding).
 35528 | Shoals:4 | 35528 ||| INVOKING Trog's Hand.
 35529 | Shoals:4 | 35529 ||| INVOKING Berserk.
 35794 | Shoals:4 | 35794 ||| INVOKING Trog's Hand.
 35804 | Shoals:4 | Identified the +7 triple sword of the Candelabrum {venom,
                  | rF+ Str+3 Stlth-}
 35944 | Shoals:4 | 35944 ||| Stepping ~*~*~tactically~*~*~ (hiding).
 36055 | Shoals:4 | 36055 ||| Stepping ~*~*~tactically~*~*~ (hiding).
 36057 | Shoals:4 | 36057 ||| Stepping ~*~*~tactically~*~*~ (hiding).
 36059 | Shoals:4 | 36059 ||| INVOKING Trog's Hand.
 36061 | Shoals:4 | 36061 ||| INVOKING Berserk.
 36184 | Shoals:4 | 36184 ||| PLANNING VAULTS:1-4
 36184 | Shoals:4 | 36184 ||| DROPPING ring of positive energy.
 36185 | Shoals:4 | 36185 ||| DROPPING ring of resist corrosion.
 36397 | Vaults:1 | Entered Level 1 of the Vaults
 36479 | Vaults:1 | 36479 ||| Stepping ~*~*~tactically~*~*~ (stealth).
 36487 | Vaults:1 | 36487 ||| INVOKING Berserk.
 36642 | Vaults:1 | 36642 ||| INVOKING Trog's Hand.
 36650 | Vaults:1 | Reached skill level 20 in Fighting
 36659 | Vaults:1 | 36659 ||| INVOKING Trog's Hand.
 36779 | Vaults:1 | 36779 ||| INVOKING Berserk.
 36989 | Vaults:1 | 36989 ||| Stepping ~*~*~tactically~*~*~ (hiding).
 36996 | Vaults:1 | 36996 ||| Stepping ~*~*~tactically~*~*~ (hiding).
 37013 | Vaults:1 | 37013 ||| Stepping ~*~*~tactically~*~*~ (stealth).
 37016 | Vaults:1 | 37016 ||| Stepping ~*~*~tactically~*~*~ (stealth).
 37021 | Vaults:1 | 37021 ||| Stepping ~*~*~tactically~*~*~ (hiding).
 37072 | Vaults:1 | 37072 ||| INVOKING Trog's Hand.
 37080 | Vaults:1 | 37080 ||| Stepping ~*~*~tactically~*~*~ (hiding).
 37136 | Vaults:1 | 37136 ||| Stepping ~*~*~tactically~*~*~ (stealth).
 37179 | Vaults:1 | Reached XP level 18. HP: 180/180 MP: 18/18
 37185 | Vaults:1 | 37185 ||| DROPPING +7 morningstar of the Narrow God {drain,
                  | rF+ Will+ Dex+4}.
 37264 | Vaults:1 | 37264 ||| Stepping ~*~*~tactically~*~*~ (stealth).
 37265 | Vaults:1 | 37265 ||| INVOKING Brothers in Arms.
 37271 | Vaults:1 | 37271 ||| INVOKING Trog's Hand.
 37280 | Vaults:1 | 37280 ||| INVOKING Berserk.
 37289 | Vaults:1 | Reached skill level 21 in Fighting
 37648 | Vaults:1 | Found a transporter.
 37721 | Vaults:1 | 37721 ||| INVOKING Trog's Hand.
 37770 | Vaults:1 | 37770 ||| Stepping ~*~*~tactically~*~*~ (hiding).
 37825 | Vaults:1 | Found a bloodstained altar of Trog.
 37840 | Vaults:1 | Noticed qw's ghost (adept MiBe)
 37849 | Vaults:1 | Found a transporter.
 38022 | Vaults:1 | 38022 ||| DROPPING +6 ring of strength.
 38023 | Vaults:1 | 38023 ||| READING 17 scrolls of identify.
 38023 | Vaults:1 | 38023 ||| IDENTIFYING metallic inky potion
 38024 | Vaults:1 | 38024 ||| DROPPING potion of magic.
 38077 | Vaults:2 | 38077 ||| INVOKING Trog's Hand.
 38095 | Vaults:2 | 38095 ||| Stepping ~*~*~tactically~*~*~ (stealth).
 38106 | Vaults:2 | Received a gift from Trog
 38118 | Vaults:2 | Reached skill level 12 in Throwing
 38126 | Vaults:2 | 38126 ||| DROPPING +2 broad axe.
 38144 | Vaults:2 | 38144 ||| Stepping ~*~*~tactically~*~*~ (stealth).
 38146 | Vaults:2 | 38146 ||| Stepping ~*~*~tactically~*~*~ (hiding).
 38150 | Vaults:2 | 38150 ||| INVOKING Trog's Hand.
 38167 | Vaults:2 | 38167 ||| Stepping ~*~*~tactically~*~*~ (stealth).
 38169 | Vaults:2 | 38169 ||| Stepping ~*~*~tactically~*~*~ (stealth).
 38174 | Vaults:2 | Reached skill level 18 in Shields
 38178 | Vaults:2 | 38178 ||| INVOKING Brothers in Arms.
 38179 | Vaults:2 | 38179 ||| INVOKING Berserk.
 38223 | Vaults:2 | 38223 ||| FLEEEEING.
 38224 | Vaults:2 | 38224 ||| FLEEEEING.
 38225 | Vaults:2 | 38225 ||| FLEEEEING.
 38226 | Vaults:2 | 38226 ||| FLEEEEING.
 38230 | Vaults:2 | 38230 ||| Stepping ~*~*~tactically~*~*~ (hiding).
 38233 | Vaults:2 | 38233 ||| INVOKING Trog's Hand.
 38352 | Vaults:2 | 38352 ||| INVOKING Trog's Hand.
 38436 | Vaults:2 | 38436 ||| INVOKING Berserk.
 38593 | Vaults:2 | 38593 ||| Stepping ~*~*~tactically~*~*~ (hiding).
 38614 | Vaults:2 | 38614 ||| INVOKING Berserk.
 38764 | Vaults:2 | 38764 ||| INVOKING Trog's Hand.
 38852 | Vaults:2 | 38852 ||| Stepping ~*~*~tactically~*~*~ (hiding).
 38859 | Vaults:2 | 38859 ||| INVOKING Trog's Hand.
 38865 | Vaults:2 | 38865 ||| INVOKING Berserk.
 39420 | Vaults:2 | 39420 ||| DROPPING +1 hat.
 39421 | Vaults:2 | 39421 ||| UPGRADING to +0 tower shield.
 39431 | Vaults:2 | 39431 ||| DROPPING +0 kite shield.
 39462 | Vaults:3 | 39462 ||| INVOKING Berserk.
 39472 | Vaults:3 | 39472 ||| STAIRDANCE
 39601 | Vaults:3 | Identified the +3 mace of the Firefly {vorpal, +Blink rElec
                  | rPois}
 39700 | Vaults:3 | 39700 ||| INVOKING Trog's Hand.
 39742 | Vaults:3 | 39742 ||| READING scroll of enchant weapon.
 39742 | Vaults:3 | 39742 ||| ENCHANTING +8 vampiric war axe.
 39767 | Vaults:3 | 39767 ||| INVOKING Berserk.
 39954 | Vaults:3 | 39954 ||| INVOKING Trog's Hand.
 39959 | Vaults:3 | 39959 ||| Stepping ~*~*~tactically~*~*~ (stealth).
 39962 | Vaults:3 | 39962 ||| INVOKING Berserk.
 40116 | Vaults:3 | 40116 ||| Stepping ~*~*~tactically~*~*~ (hiding).
 40119 | Vaults:3 | 40119 ||| INVOKING Trog's Hand.
 40159 | Vaults:3 | 40159 ||| INVOKING Trog's Hand.
 40161 | Vaults:3 | 40161 ||| INVOKING Berserk.
 40359 | Vaults:3 | 40359 ||| Stepping ~*~*~tactically~*~*~ (hiding).
 40364 | Vaults:3 | 40364 ||| INVOKING Trog's Hand.
 40367 | Vaults:3 | 40367 ||| INVOKING Berserk.
 40530 | Vaults:3 | 40530 ||| Stepping ~*~*~tactically~*~*~ (hiding).
 40531 | Vaults:3 | 40531 ||| Stepping ~*~*~tactically~*~*~ (hiding).
 40582 | Vaults:3 | 40582 ||| READING scroll of enchant armour.
 40582 | Vaults:3 | 40582 ||| ENCHANTING +1 cloak of poison resistance.
 40596 | Vaults:3 | Identified the +4 bardiche "Mecva" {flame, +Blink rF+++
                  | Stlth-}
 40618 | Vaults:3 | Reached XP level 19. HP: 189/189 MP: 19/19
 40653 | Vaults:3 | 40653 ||| Stepping ~*~*~tactically~*~*~ (hiding).
 40761 | Vaults:3 | 40761 ||| INVOKING Trog's Hand.
 40779 | Vaults:3 | 40779 ||| INVOKING Trog's Hand.
 40820 | Vaults:3 | Found a staircase to the Crypt.
 40820 | Vaults:3 | Found a basalt altar of Yredelemnul.
 40827 | Vaults:3 | Found an ancient bone altar of Kikubaaqudgha.
 40940 | Vaults:3 | 40940 ||| Stepping ~*~*~tactically~*~*~ (stealth).
 41013 | Vaults:3 | 41013 ||| Stepping ~*~*~tactically~*~*~ (hiding).
 41019 | Vaults:3 | 41019 ||| INVOKING Berserk.
 41243 | Vaults:3 | 41243 ||| READING 11 scrolls of teleportation.
 41354 | Vaults:3 | 41354 ||| Stepping ~*~*~tactically~*~*~ (hiding).
 41397 | Vaults:3 | 41397 ||| INVOKING Trog's Hand.
 41536 | Vaults:4 | 41536 ||| Stepping ~*~*~tactically~*~*~ (hiding).
 41538 | Vaults:4 | 41538 ||| Stepping ~*~*~tactically~*~*~ (hiding).
 41575 | Vaults:4 | 41575 ||| INVOKING Trog's Hand.
 41586 | Vaults:4 | Found Rihiat's Armour Shoppe.
 41587 | Vaults:4 | 41587 ||| Stepping ~*~*~tactically~*~*~ (stealth).
 41588 | Vaults:4 | Noticed Saint Roka
 41589 | Vaults:4 | 41589 ||| Stepping ~*~*~tactically~*~*~ (hiding).
 41593 | Vaults:4 | 41593 ||| INVOKING Berserk.
 41609 | Vaults:4 | Killed Saint Roka
 41616 | Vaults:4 | Reached skill level 21 in Shields
 41616 | Vaults:4 | 41616 ||| Stepping ~*~*~tactically~*~*~ (hiding).
 41617 | Vaults:4 | 41617 ||| Stepping ~*~*~tactically~*~*~ (hiding).
 41691 | Vaults:4 | 41691 ||| READING 10 scrolls of teleportation.
 41718 | Vaults:4 | 41718 ||| INVOKING Berserk.
 41870 | Vaults:4 | 41870 ||| Stepping ~*~*~tactically~*~*~ (stealth).
 41871 | Vaults:4 | 41871 ||| Stepping ~*~*~tactically~*~*~ (stealth).
 41872 | Vaults:4 | 41872 ||| INVOKING Trog's Hand.
 41891 | Vaults:4 | 41891 ||| Stepping ~*~*~tactically~*~*~ (hiding).
 41911 | Vaults:4 | 41911 ||| Stepping ~*~*~tactically~*~*~ (hiding).
 41912 | Vaults:4 | 41912 ||| Stepping ~*~*~tactically~*~*~ (hiding).
 41913 | Vaults:4 | 41913 ||| Stepping ~*~*~tactically~*~*~ (hiding).
 42097 | Vaults:4 | 42097 ||| INVOKING Trog's Hand.
 42106 | Vaults:4 | 42106 ||| INVOKING Brothers in Arms.
 42107 | Vaults:4 | 42107 ||| INVOKING Berserk.
 42118 | Vaults:4 | Reached skill level 22 in Fighting
 42308 | Vaults:4 | 42308 ||| Stepping ~*~*~tactically~*~*~ (stealth).
 42309 | Vaults:4 | Noticed Boris
 42310 | Vaults:4 | 42310 ||| Stepping ~*~*~tactically~*~*~ (hiding).
 42311 | Vaults:4 | 42311 ||| Stepping ~*~*~tactically~*~*~ (hiding).
 42314 | Vaults:4 | 42314 ||| Stepping ~*~*~tactically~*~*~ (hiding).
 42318 | Vaults:4 | 42318 ||| INVOKING Brothers in Arms.
 42319 | Vaults:4 | 42319 ||| INVOKING Berserk.
 42324 | Vaults:4 | Killed Boris
 42468 | Vaults:4 | 42468 ||| INVOKING Trog's Hand.
 42472 | Vaults:4 | 42472 ||| INVOKING Berserk.
 42478 | Vaults:4 | Noticed Xtahua
 42479 | Vaults:4 | 42479 ||| DRINKING 3 potions of resistance.
 42489 | Vaults:4 | 42489 ||| INVOKING Trog's Hand.
 42497 | Vaults:4 | Killed Xtahua
 42602 | Vaults:4 | 42602 ||| Stepping ~*~*~tactically~*~*~ (stealth).
 42604 | Vaults:4 | 42604 ||| Stepping ~*~*~tactically~*~*~ (stealth).
 42605 | Vaults:4 | 42605 ||| Stepping ~*~*~tactically~*~*~ (stealth).
 42635 | Vaults:4 | 42635 ||| Stepping ~*~*~tactically~*~*~ (stealth).
 42799 | Vaults:4 | 42799 ||| Stepping ~*~*~tactically~*~*~ (hiding).
 42998 | Vaults:4 | 42998 ||| PLANNING SPIDER:4
 43308 | Spider:4 | Entered Level 4 of the Spider Nest
 43309 | Spider:4 | 43309 ||| STAIRDANCE
 43316 | Spider:4 | 43316 ||| STAIRDANCE
 43318 | Spider:3 | 43318 ||| INVOKING Berserk.
 43434 | Spider:4 | 43434 ||| STAIRDANCE
 43438 | Spider:4 | 43438 ||| STAIRDANCE
 43440 | Spider:3 | 43440 ||| INVOKING Berserk.
 43557 | Spider:4 | 43557 ||| STAIRDANCE
 43564 | Spider:4 | 43564 ||| STAIRDANCE
 43601 | Spider:4 | 43601 ||| STAIRDANCE
 43603 | Spider:3 | 43603 ||| INVOKING Brothers in Arms.
 43604 | Spider:3 | 43604 ||| INVOKING Brothers in Arms.
 43618 | Spider:4 | 43618 ||| STAIRDANCE
 43625 | Spider:4 | 43625 ||| STAIRDANCE
 43627 | Spider:3 | 43627 ||| INVOKING Berserk.
 43741 | Spider:4 | 43741 ||| INVOKING Berserk.
 43748 | Spider:4 | Reached skill level 21 in Armour
 43753 | Spider:4 | Noticed Bai Suzhen
 43764 | Spider:4 | 43764 ||| FLEEEEING.
 43765 | Spider:4 | 43765 ||| INVOKING Brothers in Arms.
 43769 | Spider:4 | 43769 ||| INVOKING Brothers in Arms.
 43771 | Spider:4 | Killed Bai Suzhen
 43784 | Spider:4 | Reached XP level 20. HP: 199/200 MP: 3/21
 43788 | Spider:4 | 43788 ||| INVOKING Brothers in Arms.
 43792 | Spider:4 | 43792 ||| INVOKING Brothers in Arms.
 43792 | Spider:4 | Noticed Louise
 43793 | Spider:4 | 43793 ||| DRINKING 14 potions of curing.
 43793 | Spider:4 | 43793 ||| (to cure confusion)
 43794 | Spider:4 | 43794 ||| INVOKING Trog's Hand.
 43829 | Spider:4 | 43829 ||| INVOKING Trog's Hand.
 43844 | Spider:4 | Killed Louise
 43981 | Spider:4 | 43981 ||| Stepping ~*~*~tactically~*~*~ (stealth).
 43984 | Spider:4 | 43984 ||| Stepping ~*~*~tactically~*~*~ (hiding).
 43997 | Spider:4 | 43997 ||| Stepping ~*~*~tactically~*~*~ (hiding).
 43998 | Spider:4 | 43998 ||| Stepping ~*~*~tactically~*~*~ (hiding).
 43999 | Spider:4 | 43999 ||| Stepping ~*~*~tactically~*~*~ (hiding).
 44066 | Spider:4 | 44066 ||| INVOKING Brothers in Arms.
 44205 | Spider:4 | 44205 ||| Stepping ~*~*~tactically~*~*~ (stealth).
 44308 | Spider:4 | Noticed Donald
 44312 | Spider:4 | 44312 ||| INVOKING Berserk.
 44330 | Spider:4 | Killed Donald
 44368 | Spider:4 | 44368 ||| Stepping ~*~*~tactically~*~*~ (stealth).
 44369 | Spider:4 | 44369 ||| Stepping ~*~*~tactically~*~*~ (stealth).
 44370 | Spider:4 | 44370 ||| Stepping ~*~*~tactically~*~*~ (stealth).
 44372 | Spider:4 | 44372 ||| Stepping ~*~*~tactically~*~*~ (hiding).
 44582 | Spider:4 | 44582 ||| Stepping ~*~*~tactically~*~*~ (stealth).
 44765 | Spider:4 | 44765 ||| Stepping ~*~*~tactically~*~*~ (stealth).
 44838 | Spider:4 | Got a gossamer rune of Zot
 44879 | Spider:4 | 44879 ||| Stepping ~*~*~tactically~*~*~ (hiding).
 44880 | Spider:4 | 44880 ||| Stepping ~*~*~tactically~*~*~ (hiding).
 44923 | Spider:4 | 44923 ||| PLANNING DEPTHS
 44923 | Spider:4 | 44923 ||| DROPPING ring of poison resistance.
 44924 | Spider:4 | 44924 ||| DROPPING ring of flight.
 44925 | Spider:4 | 44925 ||| DROPPING ring of poison resistance.
 45200 | Depths:1 | Entered Level 1 of the Depths
 45271 | Depths:1 | Found a huge runed gate.
 45271 | Depths:1 | Found a huge runed gate.
 45271 | Depths:1 | Found a huge runed gate.
 45271 | Depths:1 | Found a huge runed gate.
 45271 | Depths:1 | Found a huge runed gate.
 45271 | Depths:1 | Found a huge runed gate.
 45271 | Depths:1 | Found a huge runed gate.
 45271 | Depths:1 | Found a huge runed gate.
 45271 | Depths:1 | Found a huge runed gate.
 45271 | Depths:1 | Found a huge runed gate.
 45286 | Depths:1 | Found a huge runed gate.
 45286 | Depths:1 | Found a huge runed gate.
 45286 | Depths:1 | Found a huge runed gate.
 45286 | Depths:1 | Found a huge runed gate.
 45286 | Depths:1 | Found a huge runed gate.
 45368 | Depths:1 | Found a one-way gate to the infinite horrors of the Abyss.
 45402 | Depths:1 | Found a huge runed gate.
 45403 | Depths:1 | Found a huge runed gate.
 45403 | Depths:1 | Found a huge runed gate.
 45404 | Depths:1 | Found a huge runed gate.
 45413 | Depths:1 | Found a huge runed gate.
 45413 | Depths:1 | Found a huge runed gate.
 45413 | Depths:1 | Found a huge runed gate.
 45413 | Depths:1 | Found a huge runed gate.
 45413 | Depths:1 | Found a huge runed gate.
 45413 | Depths:1 | Found a huge runed gate.
 45414 | Depths:1 | Found a huge runed gate.
 45415 | Depths:1 | Found a huge runed gate.
 45416 | Depths:1 | Found a huge runed gate.
 45422 | Depths:1 | 45422 ||| INVOKING Brothers in Arms.
 45425 | Depths:1 | 45425 ||| INVOKING Berserk.
 45540 | Depths:1 | Found a huge runed gate.
 45540 | Depths:1 | Found a huge runed gate.
 45540 | Depths:1 | Found a huge runed gate.
 45540 | Depths:1 | Found a huge runed gate.
 45540 | Depths:1 | Found a huge runed gate.
 45540 | Depths:1 | Found a huge runed gate.
 45541 | Depths:1 | Found a huge runed gate.
 45613 | Depths:1 | 45613 ||| Stepping ~*~*~tactically~*~*~ (hiding).
 45616 | Depths:1 | 45616 ||| Stepping ~*~*~tactically~*~*~ (hiding).
 45623 | Depths:1 | Reached skill level 23 in Fighting
 45623 | Depths:1 | 45623 ||| INVOKING Brothers in Arms.
 45629 | Depths:1 | 45629 ||| INVOKING Berserk.
 45899 | Depths:1 | 45899 ||| Stepping ~*~*~tactically~*~*~ (stealth).
 45906 | Depths:1 | Noticed Mara
 45907 | Depths:1 | 45907 ||| Stepping ~*~*~tactically~*~*~ (hiding).
 45911 | Depths:1 | 45911 ||| INVOKING Brothers in Arms.
 45914 | Depths:1 | Noticed qw's illusion
 45914 | Depths:1 | 45914 ||| INVOKING Berserk.
 45942 | Depths:1 | 45942 ||| INVOKING Brothers in Arms.
 45946 | Depths:1 | Killed Mara
 46077 | Depths:1 | 46077 ||| INVOKING Trog's Hand.
 46191 | Depths:1 | Found a gateway to Hell.
 46302 | Depths:1 | Found a huge runed gate.
 46324 | Depths:2 | 46324 ||| INVOKING Brothers in Arms.
 46326 | Depths:2 | 46326 ||| INVOKING Brothers in Arms.
 46327 | Depths:2 | 46327 ||| INVOKING Brothers in Arms.
 46328 | Depths:2 | 46328 ||| INVOKING Berserk.
 46336 | Depths:2 | Noticed Sojobo
 46342 | Depths:2 | HP: 49/203 [deep troll earth mage (16)]
 46343 | Depths:2 | 46343 ||| READING 11 scrolls of teleportation.
 46343 | Depths:2 | HP: 16/203 [frost giant/bolt of cold (35)]
 46344 | Depths:2 | 46344 ||| DRINKING 9 potions of heal wounds.
 46345 | Depths:2 | 46345 ||| DRINKING 8 potions of heal wounds.
 46346 | Depths:2 | 46346 ||| READING 10 scrolls of teleportation.
 46347 | Depths:2 | 46347 ||| DRINKING 7 potions of heal wounds.
 46458 | Depths:2 | Paralysed by a floating eye for 3 turns
 46466 | Depths:2 | 46466 ||| INVOKING Berserk.
 46495 | Depths:2 | HP: 43/201 [Sojobo/+1 great sword of electrocution (27)]
 46496 | Depths:2 | 46496 ||| READING 9 scrolls of teleportation.
 46496 | Depths:2 | Paralysed by an air elemental for 1 turns
 46496 | Depths:2 | HP: 21/198 [Sojobo/+1 great sword of electrocution (10)]
 46496 | Depths:2 | HP: 6/198 [air elemental/stunning burst[Sojobo] (7)]
 46496 | Depths:2 | Annihilated by Sojobo

Levels and vault maps discovered:
D:1:      sevenhm_arrival_forest_fort_large_2, layout_loops_corners,
          basic_ecumenical_altar, chequers_serial_rivers_large_a,
          minmay_splitting_lines, st_stairs_9, minmay_hexomino_c4
D:2:      kennysheep_the_goblin_king, layout_rooms, uniq_natasha
D:3:      layout_loops_ring, minmay_stone_trees_medium, uniq_terence
D:4:      layout_basic, serial_shops, shop_fountains
D:5:      layout_gridville
D:6:      layout_basic, minmay_temple_entry_butterflies, enter_ossuary_3,
          kennysheep_dice
D:7:      layout_cave_pools, lemuel_zombie_altar_kikubaaqudgha,
          minmay_chambers_of_fives
D:8:      layout_basic, enter_bailey_2, uniq_erica
D:9:      layout_gridville, nicolae_overflow_hidden_temple, uniq_erolcha
D:10:     layout_roguey, solitary_fountain, hangedman_feature_mirror,
          dk_vineyard_2, minmay_misc_feat_tiny, uniq_josephine
D:11:     layout_long_grid, due_lair_maze_entry_diamond, uniq_fannar
D:12:     layout_roguey, minmay_radiant
D:13:     layout_long_grid, nicolae_shop_firing_range
D:14:     layout_loops_ring, hangedman_vaults_entry_quadrant_bands,
          minmay_misc_feat_rugged, gammafunk_ghost_mausoleum,
          nicolae_concentric_dashed_squares_wild, minivault_16,
          nicolae_shop_clearance
D:15:     gammafunk_enter_depths_forms, layout_long_grid,
          nicolae_ru_path_of_blood, chequers_serial_rivers_small_a
Lair:1:   layout_concentric_octagons, grunt_megastairs_1, uniq_prince_ribbit2
Lair:2:   layout_gridlike, minmay_shoals_entry_hut, grunt_megastairs_5,
          uniq_sonja
Lair:3:   layout_hall_layers, nicolae_spider_entry_orb_guardian
Lair:4:   layout_cave_pods, nicolae_volcano_entry_vermiform
Lair:5:   guppyfry_lair_end_dragon, layout_gridlike,
          nicolae_slime_entry_slimehenge, infiniplex_staircase_pool_2
Shoals:1: layout_shoals, serial_shops, nicolae_shop_bloodbath_and_beyond
Shoals:2: layout_shoals, lemuel_oklob_altar, uniq_jorgrun
Shoals:3: layout_shoals
Shoals:4: shoals_end_hangedman, layout_shoals
Spider:1: layout_spider_delve
Spider:2: nicolae_spider_mines_2
Spider:3: layout_spider_delve
Spider:4: floodkiller_spider_rune_tomb, nicolae_looking_at_the_future,
          uniq_bai_suzhen, uniq_louise, uniq_donald
Orc:1:    layout_diamond_mine, serial_shops, nicolae_shop_window_shopping,
          david_defended_altar_orc
Orc:2:    st_orc_open, layout_diamond_mine, basic_altar, ebering_ghost_gozag,
          uniq_maurice
Vaults:1: gammafunk_ghost_wrathful_warriors, hangedman_vaults_slice,
          vaults_dpeg_spiral, vaults_standard_mumra_enter_the_diamond,
          v_alt_pattern_6, vaults_room_fancy_cross,
          vaults_mumra_minichess_inversion, hangedman_vaults_unwind,
          nicolae_vaults_angled_halls, hangedman_vaults_trim,
          nicolae_vaults_little_squares_6, grunt_vaults_hallway_long,
          layout_vaults_omnicross
Vaults:2: v_pattern_2, ontoclasm_vaults_tryst, v_alt_pattern_5,
          ontoclasm_vaults_chip, ontoclasm_vaults_ring_large, vaults_room_grid,
          ontoclasm_vaults_loading_screen, nicolae_vaults_sealed_display,
          layout_vaults_big_room
Vaults:3: minmay_crypt_entry_necro_gods, nicolae_vaults_rhombus_6,
          st_octagons_1, ontoclasm_vaults_shuriken, vaults_room_stairs_pillars,
          nicolae_vaults_shelves_hall, vaults_room_grunt_arrival_checkpoint,
          nicolae_vaults_rhombus_5, ontoclasm_vaults_loading_screen,
          layout_vaults_omnigrid
Vaults:4: vaults_room_door_ring, grunt_vaults_hallway_short, st_spiral_rooms,
          nicolae_vaults_circle_grid_b, ontoclasm_vaults_decontamination,
          vaults_room_semicircle, v_misc_33, ontoclasm_vaults_misaligned,
          grunt_vaults_hallway_short, nicolae_vaults_ninety_degrees,
          nicolae_vaults_asterisk, layout_vaults_maze, serial_shops,
          nicolae_shop_crystal, uniq_xtahua, uniq_saint_roka, uniq_boris
Depths:1: layout_cave_shapes, marbit_kobold_abyss_entry,
          pf_hell_entry_tar_spiral, serial_column_ruins, column_ruins_hut,
          column_ruins_courtyard_long, column_ruins_grid_2, column_ruins_grid_3,
          column_ruins_open_small, column_ruins_open_large, not_door_vault_due,
          roderic_lattice_octagonal_star, firewood_loft, uniq_mara
Depths:2: evilmike_silver_temple, layout_cave_pools, enter_ziggurat_f,
          hangedman_geh_valley, grunt_pan_entry_zigzag,
          kennysheep_pointless_box, serial_shops, shop, uniq_josephina,
          uniq_sojobo, uniq_nikola

Skill      XL: |  1  2  3  4  5  6  7  8  9 10 11 12 13 14 15 16 17 18 19 20 |
---------------+-------------------------------------------------------------+-----
Axes           | 4 5 6 8 9 10 12 13 16 17 | 17.0
Throwing       | 1 3 4 5 6 7 9 10 11 12 13 | 13.0
Fighting       | 4 6 7 9 10 13 14 17 18 19 20 21 22 23 | 23.0
Armour         | 3 4 5 6 9 13 15 17 18 19 20 21 | 21.6
Dodging        | 3 5 6 7 8 9 10 11 | 11.0
Shields        | 11 16 17 20 21 | 21.9

Action                   |  1- 3 |  4- 6 |  7- 9 | 10-12 | 13-15 | 16-18 | 19-21 || total
-------------------------+-------+-------+-------+-------+-------+-------+-------++-------
Melee: Hand axe          |    70 |    45 |       |       |       |       |       ||   115
       Headbutt          |     8 |    18 |    37 |    91 |   217 |   352 |   209 ||   932
       War axe           |       |    48 |   229 |   410 |   903 |  1160 |   776 ||  3526
       Punch             |       |     1 |     1 |     3 |    10 |       |       ||    15
       Flail             |       |       |       |    10 |    34 |       |       ||    44
       Morningstar       |       |       |       |       |     5 |       |       ||     5
Throw: Javelin           |    21 |    17 |     6 |   100 |    61 |   128 |    92 ||   425
       Boomerang         |       |     5 |    62 |     2 |    39 |     6 |    10 ||   124
Invok: Berserk           |     1 |     5 |    11 |    19 |    42 |    25 |    16 ||   119
       Trog's Hand       |       |       |       |     1 |     7 |    23 |    11 ||    42
       Brothers in Arms  |       |       |       |     4 |     7 |     7 |    13 ||    31
  Use: Scroll            |     5 |     4 |    16 |     5 |     7 |     6 |     5 ||    48
       Potion            |       |     1 |     3 |     4 |       |     2 |     5 ||    15
 Stab: Held in net/web   |       |       |       |       |       |     1 |       ||     1
       Distracted        |       |       |       |       |       |       |     1 ||     1
Armor: Animal skin       |     2 |       |       |       |       |       |       ||     2
       Ring mail         |     8 |    13 |       |       |       |       |       ||    21
       Chain mail        |       |    20 |    90 |    89 |       |       |       ||   199
       Plate armour      |       |       |       |    97 |   463 |   524 |   395 ||  1479
Dodge: Dodged            |    44 |    34 |    71 |   144 |   476 |   444 |   381 ||  1594
Block: Other             |       |       |    25 |    72 |   139 |       |       ||   236
       Reflection        |       |       |     3 |     4 |    27 |    46 |    42 ||   122
       Kite shield       |       |       |       |       |   153 |   889 |       ||  1042
       Tower shield      |       |       |       |       |       |   109 |  1035 ||  1144

Table legend:
 A = Non-vault XP
 B = Vault XP
 C = Vault XP percentage of total XP
 D = Non-vault monster count
 E = Vault monster count
 F = Vault count percentage of total count
                 A         B        C        D         E       F
            +---------+---------+-------+---------+---------+-------
      Total |  373308 |  177850 |  32.3 |     945 |     377 |  28.5
            +---------+---------+-------+---------+---------+-------
        D:1 |      44 |      13 |  22.8 |      23 |       7 |  23.3
        D:2 |      93 |      48 |  34.0 |      17 |       8 |  32.0
        D:3 |     117 |      36 |  23.5 |      25 |       1 |   3.8
        D:4 |     474 |       0 |   0.0 |      25 |       0 |   0.0
        D:5 |     708 |       0 |   0.0 |      17 |       0 |   0.0
        D:6 |     472 |     128 |  21.3 |      15 |       2 |  11.8
        D:7 |     558 |     400 |  41.8 |      12 |       6 |  33.3
        D:8 |     956 |     852 |  47.1 |      13 |       1 |   7.1
        D:9 |    1917 |     861 |  31.0 |      26 |       1 |   3.7
       D:10 |    1562 |    1688 |  51.9 |      22 |       6 |  21.4
       D:11 |    4251 |    2088 |  32.9 |      13 |      10 |  43.5
       D:12 |    6307 |    1497 |  19.2 |      15 |       3 |  16.7
       D:13 |    6583 |       6 |   0.1 |      21 |       3 |  12.5
       D:14 |    7950 |    7795 |  49.5 |      25 |      19 |  43.2
       D:15 |    9506 |    5078 |  34.8 |      15 |       8 |  34.8
     Lair:1 |    3380 |    1950 |  36.6 |      11 |       5 |  31.2
     Lair:2 |    5021 |    2605 |  34.2 |      16 |       7 |  30.4
     Lair:3 |    6685 |     701 |   9.5 |      25 |       1 |   3.8
     Lair:4 |    4520 |     738 |  14.0 |      17 |       5 |  22.7
     Lair:5 |    9791 |    3079 |  23.9 |      33 |      16 |  32.7
   Shoals:1 |   12419 |       0 |   0.0 |      25 |       0 |   0.0
   Shoals:2 |    8489 |    2485 |  22.6 |      18 |       2 |  10.0
   Shoals:3 |   13667 |       0 |   0.0 |      27 |       0 |   0.0
   Shoals:4 |   21710 |   20936 |  49.1 |      38 |      35 |  47.9
   Spider:1 |   20073 |       0 |   0.0 |      51 |       0 |   0.0
   Spider:2 |    7600 |    2810 |  27.0 |      19 |       8 |  29.6
   Spider:3 |   20225 |       0 |   0.0 |      39 |       0 |   0.0
   Spider:4 |   20042 |   33156 |  62.3 |      50 |      68 |  57.6
      Orc:1 |    4278 |     123 |   2.8 |      41 |       3 |   6.8
      Orc:2 |     877 |   15291 |  94.6 |       5 |      38 |  88.4
   Vaults:1 |   37411 |   23884 |  39.0 |      52 |      36 |  40.9
   Vaults:2 |   23907 |    8869 |  27.1 |      35 |      13 |  27.1
   Vaults:3 |   35966 |   16219 |  31.1 |      49 |      17 |  25.8
   Vaults:4 |   47282 |   19486 |  29.2 |      71 |      23 |  24.5
   Depths:1 |   25639 |    4845 |  15.9 |      35 |       4 |  10.3
   Depths:2 |    2828 |       0 |   0.0 |       4 |       0 |   0.0
    Ossuary |       0 |     183 | 100.0 |       0 |      21 | 100.0
            +---------+---------+-------+---------+---------+-------
